 Dungeon Crawl Stone Soup version 0.30-a0-161-gdd60e06945 (webtiles) character file.

Game seed: 17745707660802674489

248158 qw the Warrior (level 20, 0/139 HPs)
             Began as a Gargoyle Fighter on Sept 27, 2022.
             Was a High Priest of Okawaru.
             Slain by a fire giant
             ... wielding a +2 great sword of flaming
              (11 damage)
             ... on level 2 of the Vaults.
             The game lasted 00:18:49 (44015 turns).

qw the Warrior (Gargoyle Fighter)                  Turns: 44015, Time: 00:18:49

Health: 0/139      AC: 52    Str: 36    XL:     20   Next: 1%
Magic:  22/27      EV: 18    Int:  7    God:    Okawaru [*****.]
Gold:   759        SH:  8    Dex: 13    Spells: 19/19 levels left

rFire   . . .      SeeInvis +    r - +9 broad axe (vorpal)
rCold   . . .      Faith    .    c - +0 buckler
rNeg    + . .      Spirit   .    n - +4 plate armour
rPois   inf        Reflect  .    f - +2 helmet
rElec   +          Harm     .    K - +2 cloak {Will+}
rCorr   +          Rampage  .    B - +0 pair of gloves of the Ecumenical Temple {Will+ rCorr Int-3 Dex+2}
Will    ++++.                    x - +1 pair of boots "Edghecez" {Will+ Str+4}
Stlth   ..........               i - amulet of Xojul {RegenMP Str+4 Dex+2}
HPRegen 0.33/turn                j - +4 ring of evasion
MPRegen 0.60/turn                C - ring "Huphiak" {rPois SInv}

@: heroic, finesse-ful, flying
A: sickness immunity, AC +15, big wings, negative energy resistance 1,
electricity resistance, torment resistance 1, petrification resistance, talons 1
}: 1/15 runes: barnacled
a: Renounce Religion, Heroism, Finesse, Duel


You were on level 2 of the Vaults.
You worshipped Okawaru.
Okawaru was extremely pleased with you.
You visited 6 branches of the dungeon, and saw 31 of its levels.
You also visited: Desolation.

You collected 4429 gold pieces.
You spent 3670 gold pieces at shops.


Innate Abilities, Weirdness & Mutations

You are immune to sickness and miasma.
Your stone body is resilient. (AC +15)
You are immune to poison.
Your large and strong wings let you fly.
You resist negative energy. (rN+)
You are resistant to electric shocks. (rElec)
You are resistant to unholy torment.
You are immune to petrification.
You have sharp toenails.


   Skills:
 - Level 19.0(24.0) Fighting
 - Level 18.0(23.0) Axes
 - Level 10.3(15.3) Throwing
 - Level 18.0(23.0) Armour
 - Level 7.2(12.2) Dodging
 + Level 11.6(16.6) Shields
 - Level 10.0 Invocations


You had 19 spell levels left.
You didn't know any spells.
Your spell library was empty.

Inventory:

Hand Weapons
 r - a +9 vorpal broad axe (weapon)
 v - the +5 broad axe "Earthworm" {freeze, rPois rC- rCorr Dex+2}
   (You acquired it on level 9 of the Dungeon)

   It freezes those it strikes, dealing additional cold damage.
   It can also slow down cold-blooded creatures.
   Dex:       It affects your dexterity (+2).
   rC:        It makes you vulnerable to cold.
   rPois:     It protects you from poison.
   rCorr:     It protects you from acid and corrosion.
Missiles
 k - 42 boomerangs (quivered)
 y - 12 silver boomerangs
 J - a boomerang of dispersal
Armour
 c - a +0 buckler (worn)
 f - a +2 helmet (worn)
 n - a +4 plate armour (worn)
 t - the +3 hat of Pondering {ponderous, Will+ MP+10 Int+5}
   (You took it off Gastronok on level 9 of the Dungeon)

   Int:       It affects your intelligence (+5).
   MP:        It affects your magic capacity (+10).
   Will:      It increases your willpower.
 x - the +1 pair of boots "Edghecez" (worn) {Will+ Str+4}
   (You acquired it on level 10 of the Dungeon)

   Str:       It affects your strength (+4).
   Will:      It increases your willpower.
 B - the +0 pair of gloves of the Ecumenical Temple (worn) {Will+ rCorr Int-3 Dex+2}
   (Okawaru gifted it to you on level 2 of the Lair of Beasts)

   Int:       It affects your intelligence (-3).
   Dex:       It affects your dexterity (+2).
   rCorr:     It protects you from acid and corrosion.
   Will:      It increases your willpower.
 E - the +0 plate armour of Nivisch {-Tele rC+ Slay+2}
   (Okawaru gifted it to you on level 1 of the Shoals)

   Slay:      It affects your accuracy & damage with ranged weapons and melee
   (+2).
   rC:        It protects you from cold.
   -Tele:     It prevents most forms of teleportation.
 K - a +2 cloak of willpower (worn)
 O - the +1 plate armour of the Carpenter {Harm rC+}
   (You found it in the Desolation of Salt)

   rC:        It protects you from cold.
   Harm:      It increases damage dealt and taken.
Jewellery
 b - a ring of fire
 i - the amulet of Xojul (around neck) {RegenMP Str+4 Dex+2}
   (You found it in the Desolation of Salt)

   [amulet of magic regeneration]

   It increases your rate of magic regeneration.
   Str:       It affects your strength (+4).
   Dex:       It affects your dexterity (+2).
 j - a +4 ring of evasion (left hand)
 C - the ring "Huphiak" (right hand) {rPois SInv}
   (You bought it in a shop on level 1 of the Orcish Mines)

   [ring of poison resistance]

   rPois:     It protects you from poison.
   SInv:      It lets you see invisible.
 D - a ring of ice
 I - a ring of protection from cold
 M - the ring "Lijicra" {Ice rN+ Will- Stlth+}
   (You found it in the Desolation of Salt)

   [ring of ice]

   It enhances your ice magic.
   rF:        It makes you vulnerable to fire.
   rC:        It protects you from cold.
   rN:        It protects you from negative energy.
   Will:      It decreases your willpower.
   Stlth:     It makes you more stealthy.
 Y - a +6 ring of strength
Scrolls
 a - 27 scrolls of identify
 u - 7 scrolls of teleportation
 G - a scroll of enchant weapon
Potions
 d - 7 potions of might
 e - 11 potions of haste
 g - 6 potions of cancellation
 h - 7 potions of attraction
 m - 3 potions of heal wounds
 p - 3 potions of lignification
 q - 4 potions of resistance
 w - 9 potions of curing
 A - 2 potions of mutation
 F - a potion of magic

Dungeon Overview and Level Annotations

Branches:
Dungeon (15/15)            Temple (0/1) D:6            Lair (5/5) D:10
 Shoals (4/4) Lair:2       Spider (3/4) Lair:3        Slime (0/5) Lair:5
    Orc (2/2) D:12            Elf (0/3) Orc:2        Vaults (2/5) D:13
 Depths (0/4) D:15        Desolation (visited)
  Crypt: Vaults:2-3

Altars:
Ashenzari
Cheibriados
Fedhas
Nemelex Xobeh
Okawaru
Qazlal
Sif Muna
Wu Jian
Xom
Jiyva

Shops:
D:10 [(=?   D:11 *   Orc:1 =:[   Orc:2 (=(*   Shoals:3 (   Vaults:1 [

Annotations:
D:4 2 transporters, qw's ghost, amateur GrFi
D:8 3 runed translucent doors, qw's ghost, novice GrFi
D:13 3 runed translucent doors, qw's ghost, journeyman GrFi
Shoals:4 3 runed translucent doors, Kehicw's ghost, adept HOBr


Message History

You slice the wizard!! The war gargoyle completely misses you.
Strange energies crackle from the ironbound thunderhulk's apparatus.
The ironbound thunderhulk blinks!
The wizard misses you.
You slice the wizard!!
You kill the wizard!
Okawaru accepts your kill.
You slash the war gargoyle!
The yaktaur captain shoots a bolt.
The bolt hits you!! The bolt freezes you.
The war gargoyle hits you but does no damage.
You hit the war gargoyle but do no damage.
The war gargoyle is moderately damaged.
You slice the war gargoyle!!
The war gargoyle is almost destroyed.
The ironbound convoker gestures at the fire giant while chanting.
The fire giant seems to grow stronger.
The ironbound convoker casts a spell at the vault warden.
The vault warden seems to grow stronger.
Electricity crackles from the ironbound thunderhulk's apparatus.
The bolt of lightning misses you.
You slice the war gargoyle!!
You destroy the war gargoyle!
Okawaru accepts your kill.
The yaktaur captain shoots a bolt.
The bolt misses you.
You have reached level 20!
You feel stronger.
The ironbound convoker barely misses you.
The yaktaur captain unwields a +0 arbalest of freezing.
The yaktaur captain hits you!
Things that are here:
a +0 dagger; a +0 robe You slash the ironbound convoker!
You kill the ironbound convoker!
Okawaru accepts your kill.
You barely miss the fire giant. You slash the yaktaur captain!
You slice the yaktaur captain!!
The yaktaur captain is severely wounded.
You slash the fire giant!
The fire giant hits you with a +2 great sword of flaming!!
The fire giant burns you!
You die...

#........#.....#....88...#...
#........#.#.#.#..8......#...
##########.....#.........#...
####..#....8....#...
#.....#.........#...
#.....#........['...
#.....###########...
#######'####### ###...
.....pC@....... .......
......pcO...... .......
............... ........
...........$... ........
(.............. ........
############### +###... #...
#...


You could see a fire giant (strong), a vault warden (strong), an ironbound
thunderhulk, a yaktaur captain (strong) and an ironbound convoker.

Vanquished Creatures
  Mlioglotl (Shoals:1)
  A tengu reaver (Vaults:1)
  2 krakens (Shoals:4)
  Gastronok (D:9)
  Kirke (D:13)
  Roxanne (Shoals:1)
  Ilsuiw (Shoals:3)
  A frost giant (Shoals:4)
  3 emperor scorpions
  4 ironbound preservers
  A ghost moth (Spider:2)
  5 vault wardens
  2 war gargoyles
  A broodmother (Spider:2)
  An ironbound thunderhulk (Vaults:1)
  A dire elephant (Vaults:2)
  3 halazid warlocks (Desolation)
  A spark wasp (Spider:1)
  3 crystal guardians (Desolation)
  4 merfolk javelineers
  An ettin (Vaults:1)
  10 merfolk impalers
  7 ragged hierophants (Desolation)
  An entropy weaver (Spider:3)
  A great orb of eyes (D:15)
  8 servants of whispers (Desolation)
  A rakshasa (D:15)
  3 catoblepae (Lair:5)
  6 peacekeepers (Desolation)
  A jorogumo (Spider:2)
  2 radroaches
  4 ogre magi (Orc:2)
  7 merfolk avatars
  6 hydras
  5 boulder beetles
  An alligator snapping turtle (Shoals:3)
  2 ironbound frosthearts
  18 centaur warriors
  3 merfolk aquamancers
  A death knight (D:12)
  17 two-headed ogres
  3 satyrs
  7 death yaks (Lair:5)
  Sonja (Lair:2)
  A tengu warrior (D:15)
  Nergalle (Lair:3)
  Amaemon (D:11)
  2 skeletal warriors (D:12)
  3 pharaoh ants
  17 sea snakes
  4 steelbarb worms
  A glowing orange brain (Vaults:1)
  5 wizards
  18 deep trolls
  8 orb spiders
  An orc knight (D:15)
  Pikel (D:5)
  10 harpies
  5 lindwurms
  13 ugly things
  9 ironbound convokers
  2 orc sorcerers (Orc:2)
  2 deep elf pyromancers
  16 fauns
  6 cyclopes
  16 wolf spiders
  5 oklob plants
  19 manticores
  2 moths of wrath (Spider:1)
  2 ice statues (D:14)
  4 water nymphs (Shoals:4)
  6 merfolk sirens
  6 vault sentinels
  11 elephants
  Joseph (D:7)
  5 black mambas
  A molten gargoyle (Desolation)
  4 guardian serpents (Desolation)
  A guardian serpent (shapeshifter) (D:13)
  17 cane toads
  Maggie (Lair:2)
  An orange demon (D:11)
  3 torpor snails
  2 gargoyles
  3 kobold demonologists
  2 rime drakes
  An unseen horror (D:13)
  14 yaktaurs
  An efreet (D:14)
  2 freezing wraiths (D:12)
  7 komodo dragons
  6 demonic crawlers
  11 wind drakes
  3 trolls
  2 hornets
  6 meliai
  29 merfolk
  56 saltlings (Desolation)
  5 polar bears (Lair:5)
  A tyrant leech (Lair:4)
  25 tarantellas
  16 dream sheep
  34 blink frogs
  25 slime creatures
  8 snapping turtles
  8 jumping spiders
  Sigmund (D:6)
  2 vampires
  13 water elementals
  18 culicivoras
  A spriggan (shapeshifter) (Spider:1)
  A shadow (D:10)
  3 fire bats (Lair:2)
  3 wraiths
  4 wyverns (Lair:5)
  A steam dragon (shapeshifter) (D:15)
  41 redbacks
  40 yaks
  4 hogs (D:13)
  6 basilisks
  A steam dragon (D:8)
  Menkaure (D:7)
  Grum (D:8)
  2 vampire mosquitoes (D:12)
  3 swamp worms (Lair:4)
  4 acid dragons
  4 water moccasins
  A swamp drake (D:12)
  2 sky beasts (D:8)
  4 black bears
  8 boggarts (Vaults:1)
  12 orc warriors
  28 ogres
  15 wolves
  4 phantoms
  21 centaurs
  5 bullfrogs
  A gnoll sergeant (Orc:1)
  A necrophage (D:5)
  A scorpion (D:7)
  5 wights (D:6)
  12 killer bees (D:10)
  4 howler monkeys
  3 electric eels (Spider:3)
  2 hounds
  3 jellies
  2 gnoll boudas
  22 orc priests
  An iguana (D:4)
  16 orc wizards
  Robin (D:2)
  6 adders
  12 gnolls
  3 shadow imps
  2 white imps
  4 worms
  11 dart slugs
  66 orcs
  7 ball pythons
  6 endoplasms
  3 giant cockroaches
  15 goblins
  11 hobgoblins
  8 quokkas
  10 bats
  2 frilled lizards (D:3)
  6 kobolds
  9 rats
  7 tentacles (Shoals:4)
1168 creatures vanquished.

Vanquished Creatures (others)
  A harpy (Shoals:3)
  A shadow (D:9)
  A bat (D:3)
  27 fungi
  8 pillars of salt
  123 plants
  17 tentacles (Shoals:4)
  5 toadstools (D:5)
183 creatures vanquished.

Grand Total: 1351 creatures vanquished

Notes
Turn   | Place    | Note
-------+----------+-------------------------------------------
     0 | D:1      | qw the Gargoyle Fighter began the quest for the Orb.
     0 | D:1      | Reached XP level 1. HP: 14/14 MP: 1/1
     0 | D:1      | 0 ||| qw: Version: 0.2-a-10-g37ed214
     0 | D:1      | 0 ||| qw: Game counter: 675
     0 | D:1      | 0 ||| qw: Always use a shield: true
     0 | D:1      | 0 ||| qw: God list: Okawaru
     0 | D:1      | 0 ||| qw: Allow faded altars: false
     0 | D:1      | 0 ||| qw: Do Orc after D:15 true
     0 | D:1      | 0 ||| qw: Do second Lair branch before Depths: true
     0 | D:1      | 0 ||| qw: Lair rune preference: random
     0 | D:1      | 0 ||| qw: Plans: Normal, Zot:1-4, God:TSO, Crypt, Tomb,
                  | Pan, Slime:5, Hells, Abyss, Orb
     0 | D:1      | 0 ||| PLANNING D:1-11
    10 | D:1      | 10 ||| Stepping ~*~*~tactically~*~*~ (stealth).
    12 | D:1      | 12 ||| Stepping ~*~*~tactically~*~*~ (stealth).
   107 | D:1      | Reached XP level 2. HP: 10/19 MP: 2/2
   311 | D:1      | 311 ||| Stepping ~*~*~tactically~*~*~ (hiding).
   784 | D:1      | Reached skill level 3 in Axes
   860 | D:1      | 860 ||| READING 2 scrolls labelled RECLYFOMIOF.
   861 | D:1      | 861 ||| READING scroll labelled CIRPHO ORAI.
   878 | D:1      | Reached XP level 3. HP: 18/23 MP: 3/3
  1404 | D:1      | 1404 ||| READING scroll labelled FIBA BAHUJ.
  1405 | D:1      | 1405 ||| DRINKING 2 metallic clear potions.
  1510 | D:1      | 1510 ||| READING 3 scrolls of identify.
  1510 | D:1      | 1510 ||| IDENTIFYING brown potion
  1511 | D:1      | 1511 ||| READING 2 scrolls of identify.
  1511 | D:1      | 1511 ||| IDENTIFYING inky potion
  1512 | D:1      | 1512 ||| DROPPING potion of degeneration.
  1513 | D:1      | 1513 ||| DROPPING potion of berserk rage.
  1552 | D:2      | 1552 ||| STAIRDANCE
  1556 | D:2      | Noticed Robin
  1557 | D:2      | 1557 ||| STAIRDANCE
  1562 | D:2      | 1562 ||| STAIRDANCE
  1568 | D:2      | 1568 ||| STAIRDANCE
  1575 | D:2      | 1575 ||| STAIRDANCE
  1597 | D:2      | 1597 ||| STAIRDANCE
  1606 | D:2      | 1606 ||| STAIRDANCE
  1611 | D:2      | 1611 ||| STAIRDANCE
  1670 | D:2      | Killed Robin
  1690 | D:2      | 1690 ||| FLEEEEING.
  1691 | D:2      | 1691 ||| FLEEEEING.
  1692 | D:2      | 1692 ||| STAIRDANCE
  1847 | D:2      | Found a faded altar of an unknown god.
  1873 | D:2      | Reached XP level 4. HP: 28/28 MP: 4/4
  1999 | D:2      | 1999 ||| Stepping ~*~*~tactically~*~*~ (hiding).
  2612 | D:2      | 2612 ||| UPGRADING to +0 helmet.
  2617 | D:2      | 2617 ||| UPGRADING to +0 plate armour.
  2627 | D:2      | 2627 ||| DROPPING +0 scale mail.
  2628 | D:2      | 2628 ||| READING scroll labelled LYSSET ASTRA.
  2729 | D:2      | 2729 ||| READING scroll labelled TISHRU BAOLUMNU.
  2732 | D:2      | 2732 ||| DRINKING 2 red potions.
  2733 | D:2      | 2733 ||| READING 5 scrolls of identify.
  2733 | D:2      | 2733 ||| IDENTIFYING fuming brown potion
  2734 | D:2      | 2734 ||| READING 4 scrolls of identify.
  2734 | D:2      | 2734 ||| IDENTIFYING smoky yellow potion
  2735 | D:2      | 2735 ||| READING 3 scrolls of identify.
  2735 | D:2      | 2735 ||| IDENTIFYING coppery potion
  2736 | D:2      | 2736 ||| READING 2 scrolls of identify.
  2736 | D:2      | 2736 ||| IDENTIFYING fuming yellow potion
  2737 | D:2      | 2737 ||| DROPPING potion of brilliance.
  2767 | D:3      | 2767 ||| PLANNING SEWER
  2824 | D:3      | 2824 ||| Stepping ~*~*~tactically~*~*~ (water).
  2971 | D:3      | 2971 ||| Stepping ~*~*~tactically~*~*~ (stealth).
  2986 | D:3      | 2986 ||| Stepping ~*~*~tactically~*~*~ (hiding).
  2987 | D:3      | 2987 ||| Stepping ~*~*~tactically~*~*~ (hiding).
  3005 | D:3      | Reached XP level 5. HP: 31/32 MP: 5/5
  3097 | D:3      | Found an iron altar of Okawaru.
  3156 | D:3      | Found a shimmering blue altar of Sif Muna.
  3325 | D:3      | 3325 ||| RIP SEWER
  3328 | D:3      | 3328 ||| PLANNING OKAWARU WORSHIP
  3328 | D:3      | 3328 ||| FLEEEEING.
  3338 | D:3      | 3338 ||| UPGRADING to amulet of guardian spirit.
  3343 | D:3      | 3343 ||| READING scroll labelled USHROI BUNERI.
  3344 | D:3      | 3344 ||| READING scroll labelled VIZUHAXUNK.
  3345 | D:3      | 3345 ||| READING 2 scrolls labelled YBLEKHLI SIAJU.
  3346 | D:3      | 3346 ||| READING scroll labelled XIMPOBLAHASK.
  3395 | D:3      | 3395 ||| READING 3 scrolls of identify.
  3395 | D:3      | 3395 ||| IDENTIFYING purple potion
  3396 | D:3      | 3396 ||| DROPPING scroll of butterflies.
  3478 | D:3      | Became a worshipper of Warmaster Okawaru
  3479 | D:3      | 3479 ||| PLANNING D:1-11
  3479 | D:3      | 3479 ||| REMOVING amulet of guardian spirit.
  3580 | D:3      | 3580 ||| DROPPING amulet of guardian spirit.
  3792 | D:4      | Found a transporter.
  3792 | D:4      | Found a transporter.
  4020 | D:4      | Noticed qw's ghost (amateur GrFi)
  4117 | D:4      | 4117 ||| DROPPING +0 club.
  4502 | D:4      | 4502 ||| UPGRADING to +4 ring of evasion.
  4554 | D:5      | Entered Level 5 of the Dungeon
  4558 | D:5      | Noticed a phantom
  4568 | D:5      | Killed a phantom
  4569 | D:5      | Reached skill level 4 in Fighting
  4569 | D:5      | Reached XP level 6. HP: 40/40 MP: 6/6
  4714 | D:5      | 4714 ||| Stepping ~*~*~tactically~*~*~ (stealth).
  4769 | D:5      | Found an ornate altar of the Wu Jian Council.
  4795 | D:5      | Reached * piety under Okawaru
  4796 | D:5      | Reached skill level 6 in Axes
  4796 | D:5      | Reached XP level 7. HP: 36/44 MP: 7/7
  4815 | D:5      | 4815 ||| FLEEEEING.
  4876 | D:5      | Noticed Pikel
  4877 | D:5      | 4877 ||| INVOKING Heroism.
  4882 | D:5      | Reached skill level 1 in Invocations
  4883 | D:5      | 4883 ||| Stepping ~*~*~tactically~*~*~ (stealth).
  4885 | D:5      | 4885 ||| Stepping ~*~*~tactically~*~*~ (stealth).
  4888 | D:5      | 4888 ||| INVOKING Heroism.
  4900 | D:5      | Killed Pikel
  4901 | D:5      | Reached XP level 8. HP: 33/48 MP: 5/11
  4909 | D:5      | 4909 ||| FLEEEEING.
  4910 | D:5      | 4910 ||| FLEEEEING.
  4911 | D:5      | 4911 ||| FLEEEEING.
  4912 | D:5      | 4912 ||| FLEEEEING.
  4913 | D:5      | 4913 ||| FLEEEEING.
  4917 | D:5      | 4917 ||| FLEEEEING.
  4918 | D:5      | 4918 ||| FLEEEEING.
  4919 | D:5      | 4919 ||| FLEEEEING.
  4921 | D:5      | 4921 ||| FLEEEEING.
  4922 | D:5      | 4922 ||| FLEEEEING.
  4923 | D:5      | 4923 ||| FLEEEEING.
  4924 | D:5      | 4924 ||| FLEEEEING.
  4925 | D:5      | 4925 ||| FLEEEEING.
  4926 | D:5      | 4926 ||| FLEEEEING.
  4927 | D:5      | 4927 ||| FLEEEEING.
  4928 | D:5      | 4928 ||| FLEEEEING.
  4929 | D:5      | 4929 ||| FLEEEEING.
  4932 | D:5      | 4932 ||| FLEEEEING.
  4933 | D:5      | 4933 ||| FLEEEEING.
  4934 | D:5      | 4934 ||| FLEEEEING.
  4935 | D:5      | 4935 ||| FLEEEEING.
  4936 | D:5      | 4936 ||| FLEEEEING.
  4937 | D:5      | 4937 ||| FLEEEEING.
  4938 | D:5      | 4938 ||| FLEEEEING.
  4939 | D:5      | 4939 ||| FLEEEEING.
  4940 | D:5      | 4940 ||| FLEEEEING.
  4941 | D:5      | 4941 ||| FLEEEEING.
  4946 | D:5      | 4946 ||| STAIRDANCE
  4996 | D:5      | 4996 ||| DRINKING potion of curing.
  4996 | D:5      | 4996 ||| (to cure confusion)
  5027 | D:5      | Reached ** piety under Okawaru
  5071 | D:5      | 5071 ||| Stepping ~*~*~tactically~*~*~ (stealth).
  5073 | D:5      | 5073 ||| Stepping ~*~*~tactically~*~*~ (stealth).
  5101 | D:5      | 5101 ||| INVOKING Heroism.
  5104 | D:5      | Reached skill level 5 in Fighting
  5239 | D:5      | 5239 ||| DROPPING +0 whip.
  5331 | D:5      | 5331 ||| INVOKING Heroism.
  5334 | D:5      | Reached skill level 1 in Dodging
  5349 | D:5      | 5349 ||| FLEEEEING.
  5350 | D:5      | 5350 ||| FLEEEEING.
  5351 | D:5      | 5351 ||| FLEEEEING.
  5556 | D:5      | 5556 ||| FLEEEEING.
  5557 | D:5      | 5557 ||| FLEEEEING.
  5561 | D:5      | 5561 ||| STAIRDANCE
  5655 | D:4      | 5655 ||| UPGRADING to +6 ring of strength.
  5663 | D:5      | 5663 ||| FLEEEEING.
  5665 | D:5      | 5665 ||| FLEEEEING.
  5668 | D:5      | 5668 ||| STAIRDANCE
  5760 | D:5      | 5760 ||| INVOKING Heroism.
  5777 | D:5      | HP: 10/49 [centaur/arrow (4)]
  5778 | D:5      | 5778 ||| READING 3 scrolls of teleportation.
  5780 | D:5      | 5780 ||| INVOKING Heroism.
  5842 | D:5      | 5842 ||| Stepping ~*~*~tactically~*~*~ (stealth).
  5845 | D:5      | 5845 ||| Stepping ~*~*~tactically~*~*~ (stealth).
  5848 | D:5      | 5848 ||| Stepping ~*~*~tactically~*~*~ (stealth).
  5851 | D:5      | 5851 ||| Stepping ~*~*~tactically~*~*~ (stealth).
  5906 | D:5      | 5906 ||| FLEEEEING.
  5909 | D:5      | 5909 ||| FLEEEEING.
  5910 | D:5      | 5910 ||| FLEEEEING.
  5911 | D:5      | 5911 ||| FLEEEEING.
  5915 | D:5      | 5915 ||| FLEEEEING.
  5916 | D:5      | 5916 ||| FLEEEEING.
  5917 | D:5      | 5917 ||| FLEEEEING.
  5918 | D:5      | 5918 ||| INVOKING Heroism.
  5922 | D:5      | Reached skill level 1 in Throwing
  6105 | D:6      | Found a staircase to the Ecumenical Temple.
  6187 | D:6      | 6187 ||| INVOKING Heroism.
  6219 | D:6      | 6219 ||| INVOKING Heroism.
  6268 | D:6      | 6268 ||| Stepping ~*~*~tactically~*~*~ (stealth).
  6293 | D:6      | 6293 ||| INVOKING Heroism.
  6300 | D:6      | Reached XP level 9. HP: 54/54 MP: 9/12
  6440 | D:6      | 6440 ||| SWAPPING to +0 broad axe.
  6441 | D:6      | 6441 ||| DROPPING +0 war axe of protection.
  6442 | D:6      | Noticed a hornet
  6443 | D:6      | 6443 ||| INVOKING Heroism.
  6454 | D:6      | Killed a hornet
  6455 | D:6      | Reached skill level 6 in Fighting
  6487 | D:6      | Noticed Sigmund
  6488 | D:6      | 6488 ||| FLEEEEING.
  6514 | D:6      | 6514 ||| FLEEEEING.
  6581 | D:6      | 6581 ||| Stepping ~*~*~tactically~*~*~ (stealth).
  6590 | D:6      | 6590 ||| INVOKING Heroism.
  6591 | D:6      | 6591 ||| DRINKING potion of curing.
  6591 | D:6      | 6591 ||| (to cure confusion)
  6613 | D:6      | Killed Sigmund
  6668 | D:6      | 6668 ||| INVOKING Heroism.
  6848 | D:6      | 6848 ||| INVOKING Heroism.
  6854 | D:6      | Reached skill level 9 in Axes
  7005 | D:6      | 7005 ||| Stepping ~*~*~tactically~*~*~ (hiding).
  7008 | D:6      | 7008 ||| Stepping ~*~*~tactically~*~*~ (hiding).
  7206 | D:6      | 7206 ||| UPGRADING to +1 pair of boots.
  7211 | D:6      | 7211 ||| READING scroll labelled INIEVO CASHUDY.
  7211 | D:6      | Identified a scroll of acquirement
  7211 | D:6      | 7211 ||| ACQUIRING 663 gold pieces
  7211 | D:6      | Acquired 663 gold pieces
  7213 | D:6      | 7213 ||| READING scroll labelled VUOMNULAWO.
  7214 | D:6      | 7214 ||| READING 6 scrolls of identify.
  7214 | D:6      | 7214 ||| IDENTIFYING sapphire potion
  7258 | D:7      | Found a broken altar of Ashenzari.
  7272 | D:7      | 7272 ||| Stepping ~*~*~tactically~*~*~ (hiding).
  7273 | D:7      | 7273 ||| Stepping ~*~*~tactically~*~*~ (hiding).
  7279 | D:7      | 7279 ||| Stepping ~*~*~tactically~*~*~ (hiding).
  7283 | D:7      | 7283 ||| Stepping ~*~*~tactically~*~*~ (hiding).
  7287 | D:7      | 7287 ||| INVOKING Heroism.
  7293 | D:7      | 7293 ||| Stepping ~*~*~tactically~*~*~ (stealth).
  7308 | D:7      | 7308 ||| DROPPING +2 whip of electrocution.
  7352 | D:7      | 7352 ||| Stepping ~*~*~tactically~*~*~ (stealth).
  7372 | D:7      | 7372 ||| Stepping ~*~*~tactically~*~*~ (hiding).
  7377 | D:7      | 7377 ||| INVOKING Heroism.
  7432 | D:7      | Noticed Menkaure
  7433 | D:7      | 7433 ||| INVOKING Heroism.
  7438 | D:7      | Reached skill level 7 in Fighting
  7446 | D:7      | Killed Menkaure
  7447 | D:7      | Reached skill level 6 in Armour
  7653 | D:7      | Found a stormy altar of Qazlal.
  7737 | D:7      | 7737 ||| Stepping ~*~*~tactically~*~*~ (stealth).
  7745 | D:7      | 7745 ||| Stepping ~*~*~tactically~*~*~ (stealth).
  7747 | D:7      | 7747 ||| Stepping ~*~*~tactically~*~*~ (hiding).
  7751 | D:7      | 7751 ||| INVOKING Heroism.
  7799 | D:7      | Found a snail-covered altar of Cheibriados.
  7800 | D:7      | 7800 ||| READING 3 scrolls of teleportation.
  7828 | D:7      | 7828 ||| READING 2 scrolls of teleportation.
  7928 | D:7      | Noticed Joseph
  7929 | D:7      | 7929 ||| Stepping ~*~*~tactically~*~*~ (hiding).
  7943 | D:7      | Killed Joseph
  7943 | D:7      | Reached *** piety under Okawaru
  7944 | D:7      | Reached XP level 10. HP: 51/63 MP: 13/13
  7944 | D:7      | 7944 ||| STAIRDANCE
  8125 | D:8      | 8125 ||| INVOKING Heroism.
  8126 | D:8      | Noticed Grum
  8142 | D:8      | Killed Grum
  8176 | D:8      | Found a shimmering altar of Xom.
  8287 | D:8      | Found a blossoming altar of Fedhas.
  8307 | D:8      | 8307 ||| Stepping ~*~*~tactically~*~*~ (hiding).
  8312 | D:8      | 8312 ||| INVOKING Heroism.
  8320 | D:8      | Reached skill level 8 in Fighting
  8438 | D:8      | Found a runed translucent gate.
  8439 | D:8      | Found a runed translucent gate.
  8440 | D:8      | Found a runed translucent gate.
  8445 | D:8      | Noticed a ten-headed hydra
  8445 | D:8      | Noticed qw's ghost (novice GrFi)
  8446 | D:8      | Noticed an 11-headed hydra
  8620 | D:8      | 8620 ||| Stepping ~*~*~tactically~*~*~ (stealth).
  9003 | D:9      | 9003 ||| Stepping ~*~*~tactically~*~*~ (stealth).
  9004 | D:9      | 9004 ||| INVOKING Heroism.
  9021 | D:9      | Reached **** piety under Okawaru
  9150 | D:9      | Noticed an ice statue
  9151 | D:9      | 9151 ||| INVOKING Heroism.
  9182 | D:9      | Noticed a gargoyle
  9183 | D:9      | Noticed a kobold demonologist
  9191 | D:9      | 9191 ||| INVOKING Heroism.
  9197 | D:9      | HP: 11/64 [gargoyle/stone arrow (16)]
  9198 | D:9      | 9198 ||| READING scroll of teleportation.
  9199 | D:9      | 9199 ||| DRINKING potion of heal wounds.
  9201 | D:9      | Killed a gargoyle
  9214 | D:9      | 9214 ||| INVOKING Heroism.
  9254 | D:9      | Noticed an orange demon
  9256 | D:9      | Noticed an orange demon
  9257 | D:9      | 9257 ||| INVOKING Heroism.
  9266 | D:9      | Killed a kobold demonologist
  9368 | D:9      | 9368 ||| DROPPING +0 flail.
  9396 | D:9      | 9396 ||| Stepping randomly (stuck).
  9398 | D:9      | 9398 ||| Stepping randomly (stuck).
  9400 | D:9      | 9400 ||| Stepping randomly (stuck).
  9402 | D:9      | 9402 ||| Stepping randomly (stuck).
  9403 | D:9      | 9403 ||| Stepping randomly (stuck).
  9404 | D:9      | 9404 ||| Stepping randomly (stuck).
  9405 | D:9      | 9405 ||| Stepping randomly (stuck).
  9406 | D:9      | 9406 ||| Stepping randomly (stuck).
  9642 | D:9      | Noticed Gastronok
  9643 | D:9      | 9643 ||| INVOKING Heroism.
  9657 | D:9      | Killed Gastronok
  9657 | D:9      | Reached ***** piety under Okawaru
  9657 | D:9      | Received a gift from Okawaru
  9658 | D:9      | Reached skill level 6 in Invocations
  9658 | D:9      | Reached XP level 11. HP: 37/68 MP: 12/15
  9972 | D:9      | 9972 ||| READING scroll of acquirement.
  9972 | D:9      | 9972 ||| ACQUIRING +5 broad axe "Earthworm" {freeze, rPois
                  | rC- rCorr Dex+2}
  9972 | D:9      | Acquired the +5 broad axe "Earthworm" {freeze, rPois rC-
                  | rCorr Dex+2}
  9974 | D:9      | 9974 ||| SWAPPING to +5 broad axe "Earthworm" {freeze,
                  | rPois rC- rCorr Dex+2}.
 10104 | D:9      | 10104 ||| INVOKING Heroism.
 10105 | D:9      | 10105 ||| INVOKING Finesse.
 10109 | D:9      | 10109 ||| Stepping ~*~*~tactically~*~*~ (cloud).
 10113 | D:9      | HP: 8/68 [ice statue/bolt of cold (33)]
 10114 | D:9      | 10114 ||| FLEEEEING.
 10115 | D:9      | 10115 ||| FLEEEEING.
 10116 | D:9      | 10116 ||| FLEEEEING.
 10117 | D:9      | 10117 ||| FLEEEEING.
 10118 | D:9      | 10118 ||| FLEEEEING.
 10119 | D:9      | 10119 ||| FLEEEEING.
 10121 | D:9      | 10121 ||| FLEEEEING.
 10122 | D:9      | 10122 ||| FLEEEEING.
 10123 | D:9      | 10123 ||| FLEEEEING.
 10124 | D:9      | 10124 ||| FLEEEEING.
 10125 | D:9      | 10125 ||| FLEEEEING.
 10127 | D:9      | 10127 ||| FLEEEEING.
 10128 | D:9      | 10128 ||| FLEEEEING.
 10129 | D:9      | 10129 ||| FLEEEEING.
 10130 | D:9      | 10130 ||| FLEEEEING.
 10131 | D:9      | 10131 ||| FLEEEEING.
 10132 | D:9      | 10132 ||| FLEEEEING.
 10133 | D:9      | 10133 ||| FLEEEEING.
 10134 | D:9      | 10134 ||| FLEEEEING.
 10135 | D:9      | 10135 ||| FLEEEEING.
 10136 | D:9      | 10136 ||| FLEEEEING.
 10137 | D:9      | 10137 ||| FLEEEEING.
 10138 | D:9      | 10138 ||| FLEEEEING.
 10139 | D:9      | 10139 ||| FLEEEEING.
 10140 | D:9      | 10140 ||| FLEEEEING.
 10141 | D:9      | 10141 ||| FLEEEEING.
 10142 | D:9      | 10142 ||| FLEEEEING.
 10143 | D:9      | 10143 ||| FLEEEEING.
 10144 | D:9      | 10144 ||| FLEEEEING.
 10145 | D:9      | 10145 ||| FLEEEEING.
 10146 | D:9      | 10146 ||| FLEEEEING.
 10147 | D:9      | 10147 ||| FLEEEEING.
 10148 | D:9      | 10148 ||| FLEEEEING.
 10149 | D:9      | 10149 ||| FLEEEEING.
 10150 | D:9      | 10150 ||| FLEEEEING.
 10151 | D:9      | 10151 ||| FLEEEEING.
 10152 | D:9      | 10152 ||| FLEEEEING.
 10153 | D:9      | 10153 ||| FLEEEEING.
 10154 | D:9      | 10154 ||| FLEEEEING.
 10155 | D:9      | 10155 ||| FLEEEEING.
 10156 | D:9      | 10156 ||| FLEEEEING.
 10157 | D:9      | 10157 ||| FLEEEEING.
 10158 | D:9      | 10158 ||| FLEEEEING.
 10159 | D:9      | 10159 ||| FLEEEEING.
 10160 | D:9      | 10160 ||| FLEEEEING.
 10161 | D:9      | 10161 ||| FLEEEEING.
 10162 | D:9      | 10162 ||| FLEEEEING.
 10163 | D:9      | 10163 ||| FLEEEEING.
 10164 | D:9      | 10164 ||| FLEEEEING.
 10165 | D:9      | 10165 ||| STAIRDANCE
 10485 | D:9      | 10485 ||| INVOKING Heroism.
 10486 | D:9      | 10486 ||| INVOKING Finesse.
 10502 | D:9      | 10502 ||| Stepping ~*~*~tactically~*~*~ (cloud).
 10507 | D:9      | 10507 ||| FLEEEEING.
 10508 | D:9      | 10508 ||| FLEEEEING.
 10509 | D:9      | 10509 ||| FLEEEEING.
 10510 | D:9      | 10510 ||| FLEEEEING.
 10511 | D:9      | 10511 ||| FLEEEEING.
 10512 | D:9      | 10512 ||| FLEEEEING.
 10514 | D:9      | 10514 ||| FLEEEEING.
 10515 | D:9      | 10515 ||| FLEEEEING.
 10520 | D:9      | 10520 ||| FLEEEEING.
 10521 | D:9      | 10521 ||| FLEEEEING.
 10522 | D:9      | 10522 ||| FLEEEEING.
 10523 | D:9      | 10523 ||| FLEEEEING.
 10527 | D:9      | 10527 ||| FLEEEEING.
 10528 | D:9      | 10528 ||| FLEEEEING.
 10529 | D:9      | 10529 ||| FLEEEEING.
 10530 | D:9      | 10530 ||| FLEEEEING.
 10531 | D:9      | 10531 ||| FLEEEEING.
 10532 | D:9      | 10532 ||| FLEEEEING.
 10534 | D:9      | 10534 ||| FLEEEEING.
 10535 | D:9      | 10535 ||| FLEEEEING.
 10536 | D:9      | 10536 ||| FLEEEEING.
 10539 | D:9      | 10539 ||| FLEEEEING.
 10540 | D:9      | 10540 ||| FLEEEEING.
 10541 | D:9      | 10541 ||| FLEEEEING.
 10542 | D:9      | 10542 ||| FLEEEEING.
 10543 | D:9      | 10543 ||| FLEEEEING.
 10544 | D:9      | 10544 ||| FLEEEEING.
 10545 | D:9      | 10545 ||| FLEEEEING.
 10546 | D:9      | 10546 ||| FLEEEEING.
 10547 | D:9      | 10547 ||| FLEEEEING.
 10548 | D:9      | 10548 ||| FLEEEEING.
 10549 | D:9      | 10549 ||| FLEEEEING.
 10550 | D:9      | 10550 ||| FLEEEEING.
 10551 | D:9      | 10551 ||| FLEEEEING.
 10552 | D:9      | 10552 ||| FLEEEEING.
 10553 | D:9      | 10553 ||| FLEEEEING.
 10554 | D:9      | 10554 ||| FLEEEEING.
 10555 | D:9      | 10555 ||| FLEEEEING.
 10556 | D:9      | 10556 ||| STAIRDANCE
 10830 | D:9      | 10830 ||| INVOKING Heroism.
 10831 | D:9      | 10831 ||| INVOKING Finesse.
 10832 | D:9      | 10832 ||| INVOKING Finesse.
 10857 | D:9      | 10857 ||| INVOKING Heroism.
 10881 | D:9      | 10881 ||| Stepping randomly (cloudy).
 10882 | D:9      | 10882 ||| Stepping ~*~*~tactically~*~*~ (cloud).
 10882 | D:9      | HP: 14/68 [ice statue/shard of ice (34)]
 10883 | D:9      | 10883 ||| FLEEEEING.
 10884 | D:9      | 10884 ||| FLEEEEING.
 10885 | D:9      | 10885 ||| FLEEEEING.
 10886 | D:9      | 10886 ||| FLEEEEING.
 10887 | D:9      | 10887 ||| FLEEEEING.
 10888 | D:9      | 10888 ||| FLEEEEING.
 11163 | D:10     | Entered Level 10 of the Dungeon
 11298 | D:10     | Found a sparkling altar of Nemelex Xobeh.
 11299 | D:10     | 11299 ||| Stepping ~*~*~tactically~*~*~ (stealth).
 11301 | D:10     | 11301 ||| Stepping ~*~*~tactically~*~*~ (stealth).
 11305 | D:10     | 11305 ||| INVOKING Heroism.
 11375 | D:10     | 11375 ||| Stepping ~*~*~tactically~*~*~ (stealth).
 11380 | D:10     | 11380 ||| Stepping ~*~*~tactically~*~*~ (stealth).
 11424 | D:10     | 11424 ||| FLEEEEING.
 11425 | D:10     | 11425 ||| FLEEEEING.
 11426 | D:10     | 11426 ||| FLEEEEING.
 11427 | D:10     | 11427 ||| FLEEEEING.
 11428 | D:10     | 11428 ||| FLEEEEING.
 11429 | D:10     | 11429 ||| FLEEEEING.
 11430 | D:10     | 11430 ||| FLEEEEING.
 11431 | D:10     | 11431 ||| FLEEEEING.
 11437 | D:10     | 11437 ||| INVOKING Heroism.
 11609 | D:10     | Found a flagged portal.
 11683 | D:10     | Found Odib's Antique Weapon Shoppe.
 11683 | D:10     | Found Bocs's Armour Shoppe.
 11683 | D:10     | Found Adeodwil's Jewellery Shoppe.
 11684 | D:10     | Found a staircase to the Lair.
 11684 | D:10     | Found Wumusoje's Magic Scroll Shoppe.
 11697 | D:10     | 11697 ||| BUYING scroll of acquirement (728 gold).
 11697 | D:10     | Bought a scroll of acquirement for 728 gold pieces
 11697 | D:10     | 11697 ||| BUYING scroll of teleportation (42 gold).
 11697 | D:10     | Bought a scroll of teleportation for 42 gold pieces
 11697 | D:10     | 11697 ||| BUYING scroll of teleportation (42 gold).
 11697 | D:10     | Bought a scroll of teleportation for 42 gold pieces
 11697 | D:10     | 11697 ||| BUYING scroll of teleportation (42 gold).
 11697 | D:10     | Bought a scroll of teleportation for 42 gold pieces
 11697 | D:10     | 11697 ||| BUYING scroll of teleportation (42 gold).
 11697 | D:10     | Bought a scroll of teleportation for 42 gold pieces
 11697 | D:10     | 11697 ||| READING scroll of acquirement.
 11697 | D:10     | 11697 ||| ACQUIRING +1 pair of boots "Edghecez" {Will+
                  | Str+4}
 11697 | D:10     | Acquired the +1 pair of boots "Edghecez" {Will+ Str+4}
 11699 | D:10     | 11699 ||| UPGRADING to +1 pair of boots "Edghecez" {Will+
                  | Str+4}.
 11709 | D:10     | 11709 ||| DROPPING +1 pair of boots.
 11713 | D:10     | 11713 ||| SHOPLISTING +4 ring of protection (504 gold, have
                  | 474).
 11713 | D:10     | 11713 ||| BUYING amulet of the acrobat (420 gold).
 11713 | D:10     | Bought an amulet of the acrobat for 420 gold pieces
 11713 | D:10     | 11713 ||| SHOPLISTING ring of ice (350 gold, have 54).
 11713 | D:10     | 11713 ||| SHOPLISTING ring of protection from cold (350
                  | gold, have 54).
 11716 | D:10     | 11716 ||| SHOPLISTING +2 buckler (280 gold, have 54).
 11721 | D:10     | Noticed a two-headed ogre
 11722 | D:10     | 11722 ||| INVOKING Heroism.
 11724 | D:10     | Killed a two-headed ogre
 11746 | D:10     | 11746 ||| DROPPING +0 flail of holy wrath.
 11748 | D:10     | Noticed a two-headed ogre
 11754 | D:10     | Killed a two-headed ogre
 11755 | D:10     | Reached skill level 9 in Fighting
 11793 | D:10     | 11793 ||| INVOKING Heroism.
 11868 | D:10     | 11868 ||| PLANNING LAIR
 11868 | D:10     | 11868 ||| UPGRADING to amulet of the acrobat.
 11922 | Lair:1   | Entered Level 1 of the Lair of Beasts
 11923 | Lair:1   | 11923 ||| INVOKING Heroism.
 11952 | Lair:1   | 11952 ||| Stepping ~*~*~tactically~*~*~ (stealth).
 11954 | Lair:1   | 11954 ||| INVOKING Heroism.
 11957 | Lair:1   | Reached skill level 3 in Throwing
 12031 | Lair:1   | You fall into a shaft and drop 1 floor!
 12056 | Lair:2   | 12056 ||| Stepping ~*~*~tactically~*~*~ (hiding).
 12058 | Lair:2   | 12058 ||| Stepping ~*~*~tactically~*~*~ (hiding).
 12169 | Lair:2   | Noticed Maggie
 12170 | Lair:2   | 12170 ||| INVOKING Heroism.
 12171 | Lair:2   | 12171 ||| Stepping ~*~*~tactically~*~*~ (hiding).
 12173 | Lair:2   | Identified the +0 pair of gloves of the Ecumenical Temple
                  | {Will+ rCorr Int-3 Dex+2} (Okawaru gifted it to you on
                  | level 2 of the Lair of Beasts)
 12173 | Lair:2   | Received a gift from Okawaru
 12174 | Lair:2   | Reached skill level 9 in Invocations
 12178 | Lair:2   | Killed Maggie
 12181 | Lair:2   | Reached XP level 12. HP: 63/76 MP: 16/19
 12308 | Lair:1   | 12308 ||| INVOKING Heroism.
 12334 | Lair:1   | 12334 ||| READING scroll of enchant armour.
 12334 | Lair:1   | 12334 ||| ENCHANTING +0 helmet.
 12354 | Lair:1   | Reached skill level 12 in Axes
 12382 | Lair:1   | 12382 ||| INVOKING Heroism.
 12535 | Lair:1   | 12535 ||| INVOKING Heroism.
 12604 | Lair:1   | 12604 ||| INVOKING Heroism.
 12998 | Lair:1   | 12998 ||| READING scroll labelled HUMUGH HOSEG.
 13015 | Lair:2   | 13015 ||| DROPPING +0 morningstar.
 13034 | Lair:2   | Reached skill level 6 in Shields
 13102 | Lair:2   | Noticed Sonja
 13103 | Lair:2   | 13103 ||| INVOKING Finesse.
 13107 | Lair:2   | 13107 ||| INVOKING Heroism.
 13110 | Lair:2   | Killed Sonja
 13305 | Lair:2   | 13305 ||| INVOKING Heroism.
 13360 | Lair:2   | 13360 ||| INVOKING Heroism.
 13368 | Lair:2   | Reached skill level 10 in Fighting
 13379 | Lair:2   | 13379 ||| Stepping ~*~*~tactically~*~*~ (stealth).
 13510 | Lair:2   | Noticed a four-headed hydra
 13511 | Lair:2   | 13511 ||| INVOKING Heroism.
 13512 | Lair:2   | 13512 ||| INVOKING Finesse.
 13514 | Lair:2   | 13514 ||| SWAPPING to +0 morningstar of flaming.
 13518 | Lair:2   | Killed a four-headed hydra
 13518 | Lair:2   | Received a gift from Okawaru
 13519 | Lair:2   | 13519 ||| SWAPPING to +5 broad axe "Earthworm" {freeze,
                  | rPois rC- rCorr Dex+2}.
 13605 | Lair:2   | 13605 ||| INVOKING Heroism.
 13757 | Lair:2   | Found a staircase to the Shoals.
 13819 | Lair:2   | 13819 ||| INVOKING Heroism.
 14040 | Lair:2   | 14040 ||| UPGRADING to +0 pair of gloves of the Ecumenical
                  | Temple {Will+ rCorr Int-3 Dex+2}.
 14045 | Lair:2   | 14045 ||| READING 2 scrolls labelled WIELLAEXITZ.
 14046 | Lair:2   | 14046 ||| READING 18 scrolls of identify.
 14046 | Lair:2   | 14046 ||| IDENTIFYING viscous white potion
 14047 | Lair:2   | 14047 ||| READING 17 scrolls of identify.
 14047 | Lair:2   | 14047 ||| IDENTIFYING yellow potion
 14048 | Lair:2   | 14048 ||| DROPPING potion of flight.
 14049 | Lair:2   | 14049 ||| DROPPING potion of invisibility.
 14050 | Lair:2   | 14050 ||| DROPPING scroll of magic mapping.
 14124 | Lair:3   | 14124 ||| Stepping ~*~*~tactically~*~*~ (stealth).
 14125 | Lair:3   | 14125 ||| Stepping ~*~*~tactically~*~*~ (stealth).
 14136 | Lair:3   | Reached skill level 3 in Dodging
 14191 | Lair:3   | 14191 ||| INVOKING Heroism.
 14255 | Lair:3   | 14255 ||| INVOKING Heroism.
 14270 | Lair:3   | Reached skill level 9 in Armour
 14367 | Lair:3   | 14367 ||| Stepping ~*~*~tactically~*~*~ (stealth).
 14368 | Lair:3   | 14368 ||| INVOKING Heroism.
 14372 | Lair:3   | 14372 ||| Stepping ~*~*~tactically~*~*~ (stealth).
 14382 | Lair:3   | Reached XP level 13. HP: 76/82 MP: 18/20
 14383 | Lair:3   | Received a gift from Okawaru
 14453 | Lair:3   | 14453 ||| Stepping ~*~*~tactically~*~*~ (stealth).
 14539 | Lair:3   | Found a hole to the Spider Nest.
 14639 | Lair:3   | Noticed Nergalle
 14640 | Lair:3   | 14640 ||| INVOKING Heroism.
 14644 | Lair:3   | Killed Nergalle
 15134 | Lair:3   | 15134 ||| READING scroll labelled UCYFRO HOKK.
 15170 | Lair:4   | 15170 ||| INVOKING Heroism.
 15212 | Lair:4   | 15212 ||| INVOKING Heroism.
 15213 | Lair:4   | 15213 ||| INVOKING Finesse.
 15215 | Lair:4   | 15215 ||| SWAPPING to +0 morningstar of flaming.
 15223 | Lair:4   | 15223 ||| SWAPPING to +5 broad axe "Earthworm" {freeze,
                  | rPois rC- rCorr Dex+2}.
 15383 | Lair:4   | Found a blossoming altar of Fedhas.
 15387 | Lair:4   | 15387 ||| INVOKING Heroism.
 15388 | Lair:4   | 15388 ||| INVOKING Finesse.
 15490 | Lair:4   | 15490 ||| Stepping ~*~*~tactically~*~*~ (stealth).
 15493 | Lair:4   | 15493 ||| Stepping ~*~*~tactically~*~*~ (stealth).
 15496 | Lair:4   | 15496 ||| Stepping ~*~*~tactically~*~*~ (stealth).
 15499 | Lair:4   | 15499 ||| Stepping ~*~*~tactically~*~*~ (stealth).
 15500 | Lair:4   | 15500 ||| Stepping ~*~*~tactically~*~*~ (stealth).
 15504 | Lair:4   | 15504 ||| INVOKING Heroism.
 15732 | Lair:4   | 15732 ||| Stepping ~*~*~tactically~*~*~ (stealth).
 15734 | Lair:4   | 15734 ||| INVOKING Heroism.
 15750 | Lair:4   | 15750 ||| Stepping ~*~*~tactically~*~*~ (stealth).
 16040 | Lair:4   | 16040 ||| INVOKING Heroism.
 16259 | Lair:4   | 16259 ||| INVOKING Heroism.
 16519 | Lair:4   | 16519 ||| READING scroll labelled AVIAHET HICAHY.
 16520 | Lair:4   | 16520 ||| READING scroll labelled DESE NETANIARI.
 16532 | Lair:5   | Entered Level 5 of the Lair of Beasts
 16545 | Lair:5   | 16545 ||| Stepping ~*~*~tactically~*~*~ (stealth).
 16547 | Lair:5   | 16547 ||| Stepping ~*~*~tactically~*~*~ (stealth).
 16550 | Lair:5   | 16550 ||| INVOKING Heroism.
 16552 | Lair:5   | 16552 ||| Stepping ~*~*~tactically~*~*~ (stealth).
 16559 | Lair:5   | 16559 ||| Stepping ~*~*~tactically~*~*~ (stealth).
 16567 | Lair:5   | 16567 ||| Stepping ~*~*~tactically~*~*~ (stealth).
 16568 | Lair:5   | 16568 ||| Stepping ~*~*~tactically~*~*~ (stealth).
 16569 | Lair:5   | 16569 ||| Stepping ~*~*~tactically~*~*~ (stealth).
 16570 | Lair:5   | 16570 ||| INVOKING Finesse.
 16574 | Lair:5   | 16574 ||| Stepping ~*~*~tactically~*~*~ (stealth).
 16585 | Lair:5   | Identified the +1 executioner's axe of Zouduotzomm {elec,
                  | Drain rC+ Str+6 SInv} (Okawaru gifted it to you on level 5
                  | of the Lair of Beasts)
 16585 | Lair:5   | Received a gift from Okawaru
 16604 | Lair:5   | Reached skill level 11 in Fighting
 16707 | Lair:5   | 16707 ||| INVOKING Heroism.
 16764 | Lair:5   | 16764 ||| INVOKING Heroism.
 16831 | Lair:5   | 16831 ||| INVOKING Heroism.
 16845 | Lair:5   | 16845 ||| Stepping ~*~*~tactically~*~*~ (stealth).
 16846 | Lair:5   | 16846 ||| Stepping ~*~*~tactically~*~*~ (stealth).
 16850 | Lair:5   | 16850 ||| Stepping ~*~*~tactically~*~*~ (stealth).
 16860 | Lair:5   | Received a gift from Okawaru
 16862 | Lair:5   | Gained mutation: Your large and strong wings let you fly.
                  | [Gargoyle growth]
 16862 | Lair:5   | Reached XP level 14. HP: 77/90 MP: 21/21
 16887 | Lair:5   | 16887 ||| Stepping ~*~*~tactically~*~*~ (stealth).
 16922 | Lair:5   | Reached skill level 15 in Axes
 16952 | Lair:5   | 16952 ||| Stepping ~*~*~tactically~*~*~ (stealth).
 16953 | Lair:5   | 16953 ||| INVOKING Heroism.
 16984 | Lair:5   | 16984 ||| Stepping ~*~*~tactically~*~*~ (stealth).
 16987 | Lair:5   | 16987 ||| Stepping ~*~*~tactically~*~*~ (stealth).
 17001 | Lair:5   | Found a viscous altar of Jiyva.
 17003 | Lair:5   | 17003 ||| INVOKING Finesse.
 17004 | Lair:5   | Found a staircase to the Slime Pits.
 17008 | Lair:5   | 17008 ||| INVOKING Heroism.
 17273 | Lair:5   | 17273 ||| INVOKING Heroism.
 17313 | Lair:5   | 17313 ||| INVOKING Finesse.
 17319 | Lair:5   | 17319 ||| INVOKING Heroism.
 17406 | Lair:5   | 17406 ||| Stepping ~*~*~tactically~*~*~ (hiding).
 17408 | Lair:5   | 17408 ||| INVOKING Heroism.
 17409 | Lair:5   | 17409 ||| INVOKING Finesse.
 17464 | Lair:5   | 17464 ||| Stepping ~*~*~tactically~*~*~ (stealth).
 17466 | Lair:5   | 17466 ||| Stepping ~*~*~tactically~*~*~ (stealth).
 17467 | Lair:5   | 17467 ||| INVOKING Heroism.
 17468 | Lair:5   | 17468 ||| INVOKING Finesse.
 17469 | Lair:5   | 17469 ||| Stepping ~*~*~tactically~*~*~ (stealth).
 17483 | Lair:5   | 17483 ||| Stepping ~*~*~tactically~*~*~ (stealth).
 17484 | Lair:5   | 17484 ||| Stepping ~*~*~tactically~*~*~ (stealth).
 17494 | Lair:5   | Reached skill level 12 in Fighting
 17496 | Lair:5   | 17496 ||| Stepping ~*~*~tactically~*~*~ (stealth).
 17504 | Lair:5   | Identified the +5 broad axe "Ikesit" {antimagic, Str+4
                  | Int+5} (Okawaru gifted it to you on level 5 of the Lair of
                  | Beasts)
 17504 | Lair:5   | Received a gift from Okawaru
 17564 | Lair:5   | 17564 ||| SWAPPING to +5 broad axe "Ikesit" {antimagic,
                  | Str+4 Int+5}.
 17565 | Lair:5   | 17565 ||| DROPPING +0 broad axe.
 17624 | Lair:5   | 17624 ||| INVOKING Heroism.
 17648 | Lair:5   | 17648 ||| INVOKING Finesse.
 17652 | Lair:5   | 17652 ||| Stepping ~*~*~tactically~*~*~ (stealth).
 17748 | Lair:5   | 17748 ||| INVOKING Heroism.
 17749 | Lair:5   | 17749 ||| INVOKING Finesse.
 17832 | Lair:5   | Identified the +2 robe of Gravity {Harm rC+ Int+2 Dex+4}
 17935 | Lair:5   | 17935 ||| INVOKING Heroism.
 18203 | Lair:5   | 18203 ||| Stepping ~*~*~tactically~*~*~ (stealth).
 18204 | Lair:5   | 18204 ||| Stepping ~*~*~tactically~*~*~ (stealth).
 18205 | Lair:5   | 18205 ||| INVOKING Heroism.
 18207 | Lair:5   | 18207 ||| INVOKING Finesse.
 18210 | Lair:5   | 18210 ||| SWAPPING to +0 morningstar of flaming.
 18216 | Lair:5   | 18216 ||| SWAPPING to +5 broad axe "Ikesit" {antimagic,
                  | Str+4 Int+5}.
 18346 | Lair:5   | 18346 ||| PLANNING D:1-11
 18601 | D:11     | 18601 ||| Stepping ~*~*~tactically~*~*~ (stealth).
 18602 | D:11     | 18602 ||| Stepping ~*~*~tactically~*~*~ (stealth).
 18640 | D:11     | Noticed Amaemon
 18646 | D:11     | Killed Amaemon
 18667 | D:11     | 18667 ||| DROPPING +0 morningstar of flaming.
 18762 | D:11     | Found Ytenats's Assorted Antiques.
 18767 | D:11     | 18767 ||| READING scroll of enchant armour.
 18767 | D:11     | 18767 ||| ENCHANTING +1 helmet.
 18776 | D:11     | 18776 ||| BUYING potion of curing (66 gold).
 18776 | D:11     | Bought a potion of curing for 66 gold pieces
 18776 | D:11     | 18776 ||| BUYING scroll labelled PASTADDA AZEN (22 gold).
 18776 | D:11     | Bought a scroll labelled PASTADDA AZEN for 22 gold pieces
 18776 | D:11     | 18776 ||| BUYING viscous amethyst potion (19 gold).
 18776 | D:11     | Bought a viscous amethyst potion for 19 gold pieces
 18787 | D:11     | 18787 ||| INVOKING Heroism.
 19071 | D:11     | 19071 ||| Stepping ~*~*~tactically~*~*~ (hiding).
 19189 | D:11     | 19189 ||| Stepping ~*~*~tactically~*~*~ (hiding).
 19388 | D:11     | 19388 ||| PLANNING D
 19388 | D:11     | 19388 ||| READING scroll labelled PASTADDA AZEN.
 19389 | D:11     | 19389 ||| READING 21 scrolls of identify.
 19389 | D:11     | 19389 ||| IDENTIFYING viscous amethyst potion
 19442 | D:12     | 19442 ||| Stepping ~*~*~tactically~*~*~ (stealth).
 19454 | D:12     | 19454 ||| Stepping ~*~*~tactically~*~*~ (hiding).
 19456 | D:12     | 19456 ||| Stepping ~*~*~tactically~*~*~ (hiding).
 19616 | D:12     | 19616 ||| Stepping ~*~*~tactically~*~*~ (stealth).
 19618 | D:12     | 19618 ||| Stepping ~*~*~tactically~*~*~ (hiding).
 19854 | D:12     | 19854 ||| INVOKING Heroism.
 19887 | D:12     | 19887 ||| INVOKING Finesse.
 19889 | D:12     | 19889 ||| INVOKING Heroism.
 19897 | D:12     | 19897 ||| Stepping ~*~*~tactically~*~*~ (stealth).
 19924 | D:12     | Received a gift from Okawaru
 20017 | D:12     | 20017 ||| INVOKING Heroism.
 20018 | D:12     | 20018 ||| INVOKING Finesse.
 20097 | D:12     | 20097 ||| INVOKING Heroism.
 20370 | D:12     | 20370 ||| Stepping ~*~*~tactically~*~*~ (hiding).
 20371 | D:12     | 20371 ||| Stepping ~*~*~tactically~*~*~ (hiding).
 20395 | D:12     | 20395 ||| Stepping ~*~*~tactically~*~*~ (stealth).
 20404 | D:12     | 20404 ||| INVOKING Heroism.
 20407 | D:12     | 20407 ||| Stepping ~*~*~tactically~*~*~ (stealth).
 20418 | D:12     | 20418 ||| Stepping ~*~*~tactically~*~*~ (stealth).
 20433 | D:12     | 20433 ||| Stepping ~*~*~tactically~*~*~ (stealth).
 20434 | D:12     | 20434 ||| Stepping ~*~*~tactically~*~*~ (stealth).
 20437 | D:12     | 20437 ||| Stepping ~*~*~tactically~*~*~ (stealth).
 20444 | D:12     | 20444 ||| Stepping ~*~*~tactically~*~*~ (stealth).
 20454 | D:12     | 20454 ||| Stepping ~*~*~tactically~*~*~ (stealth).
 20494 | D:12     | Found a staircase to the Orcish Mines.
 20501 | D:12     | 20501 ||| Stepping ~*~*~tactically~*~*~ (hiding).
 20502 | D:12     | 20502 ||| Stepping ~*~*~tactically~*~*~ (hiding).
 20503 | D:12     | 20503 ||| INVOKING Heroism.
 20650 | D:12     | Found an iron altar of Okawaru.
 20803 | D:13     | Noticed Kirke
 20804 | D:13     | 20804 ||| INVOKING Heroism.
 20805 | D:13     | 20805 ||| INVOKING Finesse.
 20825 | D:13     | Killed Kirke
 20826 | D:13     | Reached XP level 15. HP: 81/96 MP: 0/22
 21099 | D:13     | 21099 ||| Stepping ~*~*~tactically~*~*~ (hiding).
 21104 | D:13     | 21104 ||| INVOKING Heroism.
 21112 | D:13     | 21112 ||| Stepping ~*~*~tactically~*~*~ (hiding).
 21113 | D:13     | 21113 ||| Stepping ~*~*~tactically~*~*~ (hiding).
 21248 | D:13     | Found a gate to the Vaults.
 21370 | D:13     | Found a runed translucent gate.
 21372 | D:13     | Found a runed translucent gate.
 21373 | D:13     | Found a runed translucent gate.
 21374 | D:13     | Noticed qw's ghost (journeyman GrFi)
 21415 | D:14     | 21415 ||| INVOKING Heroism.
 21565 | D:14     | Identified the +6 glaive of Imytimm {freeze, Fragile rElec
                  | Will+ Str+4}
 21588 | D:14     | 21588 ||| Stepping ~*~*~tactically~*~*~ (stealth).
 21590 | D:14     | 21590 ||| Stepping ~*~*~tactically~*~*~ (stealth).
 21611 | D:14     | 21611 ||| FLEEEEING.
 21612 | D:14     | 21612 ||| FLEEEEING.
 21613 | D:14     | 21613 ||| FLEEEEING.
 21614 | D:14     | 21614 ||| FLEEEEING.
 21615 | D:14     | 21615 ||| FLEEEEING.
 21616 | D:14     | 21616 ||| FLEEEEING.
 21618 | D:14     | 21618 ||| STAIRDANCE
 21731 | D:14     | 21731 ||| Stepping ~*~*~tactically~*~*~ (hiding).
 21739 | D:14     | Received a gift from Okawaru
 21818 | D:14     | Found a frozen archway.
 21819 | D:14     | 21819 ||| INVOKING Heroism.
 21820 | D:14     | 21820 ||| INVOKING Finesse.
 21836 | D:14     | 21836 ||| Stepping ~*~*~tactically~*~*~ (cloud).
 21840 | D:14     | 21840 ||| Stepping randomly (cloudy).
 21849 | D:14     | 21849 ||| INVOKING Heroism.
 21861 | D:14     | 21861 ||| Stepping ~*~*~tactically~*~*~ (stealth).
 21935 | D:14     | 21935 ||| INVOKING Heroism.
 21984 | D:14     | 21984 ||| INVOKING Heroism.
 22204 | D:14     | 22204 ||| INVOKING Heroism.
 22205 | D:14     | 22205 ||| SWAPPING to +1 demon whip of venom.
 22206 | D:14     | 22206 ||| INVOKING Finesse.
 22211 | D:14     | 22211 ||| SWAPPING to +5 broad axe "Ikesit" {antimagic,
                  | Str+4 Int+5}.
 22458 | D:15     | Entered Level 15 of the Dungeon
 22498 | D:15     | 22498 ||| INVOKING Heroism.
 22499 | D:15     | 22499 ||| INVOKING Finesse.
 22501 | D:15     | 22501 ||| SWAPPING to +1 demon whip of venom.
 22510 | D:15     | 22510 ||| SWAPPING to +5 broad axe "Ikesit" {antimagic,
                  | Str+4 Int+5}.
 22651 | D:15     | 22651 ||| Stepping ~*~*~tactically~*~*~ (hiding).
 22661 | D:15     | 22661 ||| Stepping ~*~*~tactically~*~*~ (stealth).
 22699 | D:15     | 22699 ||| FLEEEEING.
 22700 | D:15     | 22700 ||| FLEEEEING.
 22701 | D:15     | 22701 ||| FLEEEEING.
 22702 | D:15     | 22702 ||| FLEEEEING.
 22703 | D:15     | 22703 ||| FLEEEEING.
 22708 | D:15     | 22708 ||| FLEEEEING.
 22709 | D:15     | 22709 ||| FLEEEEING.
 22710 | D:15     | 22710 ||| FLEEEEING.
 22713 | D:15     | 22713 ||| Stepping ~*~*~tactically~*~*~ (hiding).
 22717 | D:15     | 22717 ||| INVOKING Heroism.
 22746 | D:15     | HP: 23/97 [tengu warrior/+1 battleaxe (4)]
 22747 | D:15     | 22747 ||| READING 10 scrolls of teleportation.
 22748 | D:15     | 22748 ||| DRINKING 4 potions of heal wounds.
 22776 | D:15     | 22776 ||| INVOKING Heroism.
 22895 | D:15     | 22895 ||| Stepping ~*~*~tactically~*~*~ (stealth).
 22900 | D:15     | 22900 ||| INVOKING Heroism.
 22908 | D:15     | Reached skill level 13 in Fighting
 23203 | D:15     | 23203 ||| Stepping ~*~*~tactically~*~*~ (hiding).
 23217 | D:15     | 23217 ||| Stepping ~*~*~tactically~*~*~ (stealth).
 23227 | D:15     | 23227 ||| INVOKING Heroism.
 23239 | D:15     | Received a gift from Okawaru
 23357 | D:15     | 23357 ||| Stepping ~*~*~tactically~*~*~ (hiding).
 23375 | D:15     | 23375 ||| Stepping ~*~*~tactically~*~*~ (cloud).
 23415 | D:15     | Found a staircase to the Depths.
 23488 | D:15     | 23488 ||| FLEEEEING.
 23489 | D:15     | 23489 ||| FLEEEEING.
 23490 | D:15     | 23490 ||| FLEEEEING.
 23491 | D:15     | 23491 ||| FLEEEEING.
 23492 | D:15     | 23492 ||| FLEEEEING.
 23541 | D:15     | 23541 ||| INVOKING Heroism.
 23542 | D:15     | 23542 ||| INVOKING Finesse.
 23544 | D:15     | 23544 ||| SWAPPING to +1 demon whip of venom.
 23552 | D:15     | Reached skill level 12 in Armour
 23554 | D:15     | 23554 ||| Stepping ~*~*~tactically~*~*~ (outnumbered).
 23555 | D:15     | 23555 ||| Stepping ~*~*~tactically~*~*~ (outnumbered).
 23560 | D:15     | 23560 ||| SWAPPING to +5 broad axe "Ikesit" {antimagic,
                  | Str+4 Int+5}.
 23895 | D:15     | 23895 ||| PLANNING ORC
 23995 | Orc:1    | Entered Level 1 of the Orcish Mines
 23995 | Orc:1    | Found Liedaacw's Book Shop.
 24004 | Orc:1    | 24004 ||| INVOKING Heroism.
 24040 | Orc:1    | Found Yrhio's Jewellery Shop.
 24065 | Orc:1    | 24065 ||| BUYING amulet of regeneration (360 gold).
 24065 | Orc:1    | Bought an amulet of regeneration for 360 gold pieces
 24065 | Orc:1    | 24065 ||| BUYING ring "Huphiak" {rPois SInv} (374 gold).
 24065 | Orc:1    | Bought the ring "Huphiak" {rPois SInv} for 374 gold pieces
 24065 | Orc:1    | 24065 ||| BUYING ring of ice (300 gold).
 24065 | Orc:1    | Bought a ring of ice for 300 gold pieces
 24065 | Orc:1    | 24065 ||| SHOPLISTING ring of protection from fire (300
                  | gold, have 213).
 24065 | Orc:1    | 24065 ||| SHOPLISTING ring of resist corrosion (240 gold,
                  | have 213).
 24118 | Orc:1    | Found Coal's Antique Armour Boutique.
 24119 | Orc:1    | 24119 ||| Stepping ~*~*~tactically~*~*~ (hiding).
 24198 | Orc:1    | 24198 ||| BUYING runed chain mail (225 gold).
 24198 | Orc:1    | Bought a runed chain mail for 225 gold pieces
 24198 | Orc:1    | 24198 ||| SHOPLISTING runed plate armour (780 gold, have
                  | 123).
 24260 | Orc:1    | 24260 ||| INVOKING Heroism.
 24314 | Orc:1    | Reached skill level 6 in Throwing
 24418 | Orc:1    | 24418 ||| DROPPING +2 chain mail of positive energy.
 24419 | Orc:1    | 24419 ||| UPGRADING to ring "Huphiak" {rPois SInv}.
 24433 | Orc:2    | Entered Level 2 of the Orcish Mines
 24434 | Orc:2    | 24434 ||| INVOKING Heroism.
 24507 | Orc:2    | 24507 ||| INVOKING Heroism.
 24587 | Orc:2    | Found a staircase to the Elven Halls.
 24707 | Orc:2    | 24707 ||| INVOKING Heroism.
 24819 | Orc:2    | 24819 ||| INVOKING Heroism.
 24821 | Orc:2    | 24821 ||| Stepping ~*~*~tactically~*~*~ (hiding).
 24822 | Orc:2    | 24822 ||| Stepping ~*~*~tactically~*~*~ (hiding).
 24839 | Orc:2    | 24839 ||| Stepping ~*~*~tactically~*~*~ (stealth).
 24840 | Orc:2    | 24840 ||| Stepping ~*~*~tactically~*~*~ (stealth).
 24850 | Orc:2    | Received a gift from Okawaru
 24853 | Orc:2    | 24853 ||| INVOKING Heroism.
 24860 | Orc:2    | Reached XP level 16. HP: 84/104 MP: 5/23
 24861 | Orc:2    | Received a gift from Okawaru
 24886 | Orc:2    | Reached skill level 18 in Axes
 25123 | Orc:2    | Found Soysasch's General Store.
 25150 | Orc:2    | Found Vougibax's Antique Weapon Emporium.
 25151 | Orc:2    | Found Jounimog's Jewellery Emporium.
 25151 | Orc:2    | Found Giorim's Antique Weapon Boutique.
 25164 | Orc:2    | 25164 ||| BUYING potion of attraction (51 gold).
 25164 | Orc:2    | Bought a potion of attraction for 51 gold pieces
 25164 | Orc:2    | 25164 ||| BUYING potion of curing (51 gold).
 25164 | Orc:2    | Bought a potion of curing for 51 gold pieces
 25165 | Orc:2    | 25165 ||| BUYING glowing broad axe (168 gold).
 25165 | Orc:2    | Bought a glowing broad axe for 168 gold pieces
 25165 | Orc:2    | 25165 ||| DROPPING +0 broad axe of draining.
 25168 | Orc:2    | 25168 ||| SHOPLISTING ring of Impatience {rF- rC+ Int+2
                  | Dex+4} (601 gold, have 181).
 25168 | Orc:2    | 25168 ||| SHOPLISTING ring of protection from fire (400
                  | gold, have 181).
 25308 | Orc:2    | 25308 ||| INVOKING Heroism.
 25646 | Orc:1    | 25646 ||| PLANNING SHOALS:1-3
 25846 | Shoals:1 | Entered Level 1 of the Shoals
 25847 | Shoals:1 | 25847 ||| INVOKING Heroism.
 25854 | Shoals:1 | Reached skill level 9 in Shields
 25874 | Shoals:1 | 25874 ||| Stepping ~*~*~tactically~*~*~ (hiding).
 26041 | Shoals:1 | 26041 ||| INVOKING Heroism.
 26061 | Shoals:1 | Received a gift from Okawaru
 26089 | Shoals:1 | 26089 ||| Stepping ~*~*~tactically~*~*~ (hiding).
 26191 | Shoals:1 | 26191 ||| Stepping ~*~*~tactically~*~*~ (hiding).
 26194 | Shoals:1 | 26194 ||| Stepping ~*~*~tactically~*~*~ (hiding).
 26465 | Shoals:1 | Noticed Roxanne
 26466 | Shoals:1 | 26466 ||| INVOKING Heroism.
 26467 | Shoals:1 | 26467 ||| INVOKING Finesse.
 26481 | Shoals:1 | Killed Roxanne
 26483 | Shoals:1 | Reached skill level 14 in Fighting
 26587 | Shoals:1 | 26587 ||| READING scroll of enchant armour.
 26587 | Shoals:1 | 26587 ||| ENCHANTING +0 plate armour.
 26624 | Shoals:1 | 26624 ||| INVOKING Heroism.
 26919 | Shoals:1 | Identified the +0 plate armour of Nivisch {-Tele rC+
                  | Slay+2} (Okawaru gifted it to you on level 1 of the Shoals)
 26919 | Shoals:1 | Received a gift from Okawaru
 26996 | Shoals:1 | Noticed Mlioglotl
 26997 | Shoals:1 | 26997 ||| INVOKING Heroism.
 26998 | Shoals:1 | 26998 ||| INVOKING Finesse.
 27007 | Shoals:1 | Killed Mlioglotl
 27126 | Shoals:1 | 27126 ||| INVOKING Heroism.
 27127 | Shoals:1 | 27127 ||| INVOKING Finesse.
 27323 | Shoals:1 | 27323 ||| INVOKING Heroism.
 27416 | Shoals:1 | 27416 ||| Stepping ~*~*~tactically~*~*~ (stealth).
 27418 | Shoals:1 | 27418 ||| Stepping ~*~*~tactically~*~*~ (stealth).
 27419 | Shoals:1 | 27419 ||| Stepping ~*~*~tactically~*~*~ (stealth).
 27420 | Shoals:1 | 27420 ||| Stepping ~*~*~tactically~*~*~ (stealth).
 27422 | Shoals:1 | 27422 ||| INVOKING Heroism.
 27423 | Shoals:1 | 27423 ||| INVOKING Finesse.
 27830 | Shoals:1 | 27830 ||| READING 22 scrolls of identify.
 27830 | Shoals:1 | 27830 ||| IDENTIFYING clear potion
 27876 | Shoals:2 | 27876 ||| FLEEEEING.
 27877 | Shoals:2 | 27877 ||| FLEEEEING.
 27878 | Shoals:2 | 27878 ||| FLEEEEING.
 27879 | Shoals:2 | 27879 ||| FLEEEEING.
 27883 | Shoals:2 | 27883 ||| STAIRDANCE
 27960 | Shoals:2 | 27960 ||| INVOKING Heroism.
 27961 | Shoals:2 | 27961 ||| INVOKING Finesse.
 28089 | Shoals:2 | 28089 ||| INVOKING Heroism.
 28523 | Shoals:2 | 28523 ||| Stepping ~*~*~tactically~*~*~ (hiding).
 28524 | Shoals:2 | 28524 ||| Stepping ~*~*~tactically~*~*~ (hiding).
 28546 | Shoals:2 | 28546 ||| FLEEEEING.
 28547 | Shoals:2 | 28547 ||| FLEEEEING.
 28548 | Shoals:2 | 28548 ||| FLEEEEING.
 28625 | Shoals:2 | 28625 ||| FLEEEEING.
 28626 | Shoals:2 | 28626 ||| FLEEEEING.
 28627 | Shoals:2 | 28627 ||| FLEEEEING.
 29264 | Shoals:2 | 29264 ||| DROPPING ring of ice.
 29308 | Shoals:3 | Found Qenuaheso's Antique Weapon Shoppe.
 29309 | Shoals:3 | 29309 ||| INVOKING Heroism.
 29310 | Shoals:3 | 29310 ||| INVOKING Finesse.
 29394 | Shoals:3 | 29394 ||| BUYING smoking broad axe (288 gold).
 29394 | Shoals:3 | Bought a smoking broad axe for 288 gold pieces
 29394 | Shoals:3 | Identified the +1 broad axe of the Seven Defenders {freeze,
                  | rF+} (You bought it in a shop on level 3 of the Shoals)
 29561 | Shoals:3 | 29561 ||| INVOKING Heroism.
 29576 | Shoals:3 | Reached skill level 15 in Fighting
 29743 | Shoals:3 | 29743 ||| Stepping ~*~*~tactically~*~*~ (stealth).
 29757 | Shoals:3 | 29757 ||| Stepping ~*~*~tactically~*~*~ (stealth).
 29802 | Shoals:3 | 29802 ||| Stepping ~*~*~tactically~*~*~ (hiding).
 29803 | Shoals:3 | 29803 ||| Stepping ~*~*~tactically~*~*~ (hiding).
 29808 | Shoals:3 | 29808 ||| Stepping ~*~*~tactically~*~*~ (hiding).
 29809 | Shoals:3 | 29809 ||| Stepping ~*~*~tactically~*~*~ (hiding).
 29810 | Shoals:3 | 29810 ||| FLEEEEING.
 29822 | Shoals:3 | 29822 ||| INVOKING Heroism.
 29826 | Shoals:3 | 29826 ||| Stepping ~*~*~tactically~*~*~ (hiding).
 29842 | Shoals:3 | Reached XP level 17. HP: 57/113 MP: 6/24
 29862 | Shoals:3 | HP: 22/113 [faun/+0 spear[a satyr] (28)]
 29863 | Shoals:3 | 29863 ||| READING 10 scrolls of teleportation.
 29864 | Shoals:3 | 29864 ||| DRINKING 4 potions of heal wounds.
 30215 | Shoals:3 | 30215 ||| Stepping ~*~*~tactically~*~*~ (hiding).
 30251 | Shoals:3 | 30251 ||| Stepping ~*~*~tactically~*~*~ (hiding).
 30254 | Shoals:3 | 30254 ||| Stepping ~*~*~tactically~*~*~ (hiding).
 30255 | Shoals:3 | 30255 ||| Stepping ~*~*~tactically~*~*~ (hiding).
 30257 | Shoals:3 | 30257 ||| INVOKING Heroism.
 30258 | Shoals:3 | 30258 ||| INVOKING Finesse.
 30341 | Shoals:3 | 30341 ||| INVOKING Heroism.
 30342 | Shoals:3 | 30342 ||| INVOKING Finesse.
 30449 | Shoals:3 | 30449 ||| INVOKING Heroism.
 30483 | Shoals:3 | 30483 ||| INVOKING Heroism.
 30494 | Shoals:3 | HP: 26/113 [merfolk/+0 spear[a merfolk impaler] (8)]
 30495 | Shoals:3 | 30495 ||| READING 9 scrolls of teleportation.
 30496 | Shoals:3 | 30496 ||| DRINKING 3 potions of heal wounds.
 30497 | Shoals:3 | 30497 ||| DRINKING 2 potions of heal wounds.
 30699 | Shoals:3 | Noticed Ilsuiw
 30700 | Shoals:3 | 30700 ||| INVOKING Heroism.
 30701 | Shoals:3 | 30701 ||| INVOKING Finesse.
 30762 | Shoals:3 | Killed Ilsuiw
 30867 | Shoals:3 | 30867 ||| FLEEEEING.
 30868 | Shoals:3 | 30868 ||| FLEEEEING.
 30869 | Shoals:3 | 30869 ||| FLEEEEING.
 30870 | Shoals:3 | 30870 ||| FLEEEEING.
 30871 | Shoals:3 | 30871 ||| FLEEEEING.
 30872 | Shoals:3 | 30872 ||| FLEEEEING.
 30873 | Shoals:3 | 30873 ||| FLEEEEING.
 30874 | Shoals:3 | 30874 ||| FLEEEEING.
 30875 | Shoals:3 | 30875 ||| FLEEEEING.
 30876 | Shoals:3 | 30876 ||| FLEEEEING.
 30877 | Shoals:3 | 30877 ||| FLEEEEING.
 30879 | Shoals:3 | 30879 ||| FLEEEEING.
 30881 | Shoals:3 | 30881 ||| FLEEEEING.
 30882 | Shoals:3 | 30882 ||| FLEEEEING.
 30890 | Shoals:3 | 30890 ||| FLEEEEING.
 30891 | Shoals:3 | 30891 ||| FLEEEEING.
 30892 | Shoals:3 | 30892 ||| FLEEEEING.
 30893 | Shoals:3 | 30893 ||| STAIRDANCE
 31131 | Shoals:3 | 31131 ||| Stepping ~*~*~tactically~*~*~ (hiding).
 31133 | Shoals:3 | 31133 ||| Stepping ~*~*~tactically~*~*~ (hiding).
 31398 | Shoals:3 | 31398 ||| PLANNING SPIDER:1-3
 31483 | Spider:1 | Entered Level 1 of the Spider Nest
 31484 | Spider:1 | 31484 ||| INVOKING Heroism.
 31485 | Spider:1 | 31485 ||| INVOKING Finesse.
 31735 | Spider:1 | 31735 ||| Stepping ~*~*~tactically~*~*~ (stealth).
 31750 | Spider:1 | 31750 ||| DRINKING 10 potions of curing.
 31750 | Spider:1 | 31750 ||| (to cure confusion)
 31751 | Spider:1 | 31751 ||| DRINKING 9 potions of curing.
 31751 | Spider:1 | 31751 ||| (to cure confusion)
 31752 | Spider:1 | 31752 ||| DRINKING 8 potions of curing.
 31752 | Spider:1 | 31752 ||| (to cure confusion)
 31807 | Spider:1 | 31807 ||| Stepping ~*~*~tactically~*~*~ (stealth).
 31816 | Spider:1 | Received a gift from Okawaru
 31885 | Spider:1 | 31885 ||| Stepping ~*~*~tactically~*~*~ (stealth).
 31886 | Spider:1 | 31886 ||| Stepping ~*~*~tactically~*~*~ (stealth).
 32076 | Spider:1 | 32076 ||| Stepping ~*~*~tactically~*~*~ (hiding).
 32086 | Spider:1 | 32086 ||| INVOKING Heroism.
 32096 | Spider:1 | 32096 ||| DRINKING 7 potions of curing.
 32096 | Spider:1 | 32096 ||| (to cure confusion)
 32414 | Spider:1 | 32414 ||| INVOKING Heroism.
 32495 | Spider:1 | 32495 ||| Stepping ~*~*~tactically~*~*~ (stealth).
 32497 | Spider:1 | 32497 ||| Stepping ~*~*~tactically~*~*~ (stealth).
 32505 | Spider:1 | Reached skill level 16 in Fighting
 32542 | Spider:1 | 32542 ||| INVOKING Heroism.
 32761 | Spider:1 | 32761 ||| INVOKING Heroism.
 32762 | Spider:1 | 32762 ||| INVOKING Finesse.
 33139 | Spider:1 | 33139 ||| DROPPING +2 hat.
 33160 | Spider:2 | 33160 ||| INVOKING Heroism.
 33161 | Spider:2 | 33161 ||| STAIRDANCE
 33183 | Spider:2 | 33183 ||| STAIRDANCE
 33250 | Spider:2 | 33250 ||| STAIRDANCE
 33330 | Spider:2 | 33330 ||| STAIRDANCE
 33336 | Spider:1 | Received a gift from Okawaru
 33368 | Spider:2 | 33368 ||| STAIRDANCE
 33449 | Spider:2 | 33449 ||| STAIRDANCE
 33451 | Spider:1 | 33451 ||| INVOKING Heroism.
 33504 | Spider:2 | Reached skill level 15 in Armour
 33558 | Spider:2 | 33558 ||| INVOKING Heroism.
 33712 | Spider:2 | 33712 ||| INVOKING Heroism.
 33845 | Spider:2 | 33845 ||| FLEEEEING.
 33846 | Spider:2 | 33846 ||| FLEEEEING.
 33847 | Spider:2 | 33847 ||| FLEEEEING.
 33919 | Spider:2 | 33919 ||| INVOKING Heroism.
 34001 | Spider:2 | 34001 ||| READING 2 scrolls of enchant armour.
 34001 | Spider:2 | 34001 ||| ENCHANTING +1 plate armour.
 34002 | Spider:2 | 34002 ||| READING scroll of enchant armour.
 34002 | Spider:2 | 34002 ||| ENCHANTING +2 plate armour.
 34137 | Spider:2 | 34137 ||| INVOKING Finesse.
 34144 | Spider:2 | 34144 ||| INVOKING Heroism.
 34408 | Spider:2 | 34408 ||| INVOKING Heroism.
 34427 | Spider:2 | Gained mutation: You have sharp toenails. [mutagenic glow]
 34834 | Spider:2 | 34834 ||| DROPPING amulet of faith.
 34835 | Spider:2 | 34835 ||| READING 28 scrolls of identify.
 34835 | Spider:2 | 34835 ||| IDENTIFYING fizzy brown potion
 34836 | Spider:2 | 34836 ||| DROPPING potion of ambrosia.
 34863 | Spider:3 | 34863 ||| INVOKING Heroism.
 34865 | Spider:3 | 34865 ||| STAIRDANCE
 35058 | Spider:3 | 35058 ||| INVOKING Finesse.
 35078 | Spider:3 | 35078 ||| INVOKING Heroism.
 35094 | Spider:3 | 35094 ||| DRINKING 10 potions of curing.
 35094 | Spider:3 | 35094 ||| (to cure confusion)
 35099 | Spider:3 | Reached skill level 17 in Fighting
 35137 | Spider:3 | Reached XP level 18. HP: 84/123 MP: 5/25
 35140 | Spider:3 | 35140 ||| INVOKING Finesse.
 35142 | Spider:3 | Received a gift from Okawaru
 35156 | Spider:3 | 35156 ||| INVOKING Heroism.
 35203 | Spider:3 | 35203 ||| FLEEEEING.
 35206 | Spider:3 | 35206 ||| FLEEEEING.
 35212 | Spider:3 | 35212 ||| INVOKING Heroism.
 35231 | Spider:3 | 35231 ||| FLEEEEING.
 35238 | Spider:3 | 35238 ||| FLEEEEING.
 35239 | Spider:3 | 35239 ||| FLEEEEING.
 35240 | Spider:3 | 35240 ||| FLEEEEING.
 35241 | Spider:3 | 35241 ||| STAIRDANCE
 35478 | Spider:2 | 35478 ||| DROPPING +1 demon whip of venom.
 35501 | Spider:3 | 35501 ||| Stepping ~*~*~tactically~*~*~ (stealth).
 35533 | Spider:3 | 35533 ||| Stepping ~*~*~tactically~*~*~ (stealth).
 35552 | Spider:3 | 35552 ||| Stepping ~*~*~tactically~*~*~ (stealth).
 35557 | Spider:3 | 35557 ||| Stepping ~*~*~tactically~*~*~ (stealth).
 35575 | Spider:3 | 35575 ||| Stepping ~*~*~tactically~*~*~ (stealth).
 35588 | Spider:3 | 35588 ||| Stepping ~*~*~tactically~*~*~ (stealth).
 35619 | Spider:3 | Found the +10 Black Knight's barding {ponderous, rPois rN+}
 35987 | Spider:3 | 35987 ||| PLANNING SHOALS:4
 36121 | Shoals:4 | Entered Level 4 of the Shoals
 36123 | Shoals:4 | 36123 ||| INVOKING Heroism.
 36139 | Shoals:4 | HP: 29/123 [merfolk impaler/+2 demon trident of venom (12)]
 36140 | Shoals:4 | 36140 ||| READING 9 scrolls of teleportation.
 36141 | Shoals:4 | 36141 ||| DRINKING potion of heal wounds.
 36144 | Shoals:4 | Received a gift from Okawaru
 36473 | Shoals:4 | 36473 ||| Stepping ~*~*~tactically~*~*~ (hiding).
 36477 | Shoals:4 | 36477 ||| INVOKING Heroism.
 36478 | Shoals:4 | 36478 ||| INVOKING Finesse.
 36688 | Shoals:4 | 36688 ||| INVOKING Heroism.
 36689 | Shoals:4 | 36689 ||| INVOKING Finesse.
 36803 | Shoals:4 | 36803 ||| Stepping ~*~*~tactically~*~*~ (stealth).
 36805 | Shoals:4 | 36805 ||| INVOKING Heroism.
 36920 | Shoals:4 | 36920 ||| Stepping ~*~*~tactically~*~*~ (stealth).
 36923 | Shoals:4 | 36923 ||| INVOKING Heroism.
 37125 | Shoals:4 | Found a runed translucent gate.
 37139 | Shoals:4 | Found a runed translucent gate.
 37140 | Shoals:4 | Found a runed translucent gate.
 37140 | Shoals:4 | Noticed Kehicw's ghost (adept HOBr)
 37160 | Shoals:4 | 37160 ||| INVOKING Heroism.
 37161 | Shoals:4 | 37161 ||| INVOKING Finesse.
 37437 | Shoals:4 | Identified the +9 long sword "Akadwewk" {antimagic, rElec
                  | rC+ Dex+2}
 37527 | Shoals:4 | 37527 ||| INVOKING Heroism.
 37535 | Shoals:4 | 37535 ||| INVOKING Finesse.
 37830 | Shoals:4 | Got a barnacled rune of Zot
 37834 | Shoals:4 | 37834 ||| Stepping ~*~*~tactically~*~*~ (hiding).
 37938 | Shoals:4 | 37938 ||| Stepping ~*~*~tactically~*~*~ (hiding).
 37939 | Shoals:4 | 37939 ||| Stepping ~*~*~tactically~*~*~ (hiding).
 38092 | Shoals:4 | Identified the +6 executioner's axe "Ogreslayer" {vamp, rF-
                  | MP+9 Str+6 Dex+9} (Okawaru gifted it to you on level 4 of
                  | the Shoals)
 38092 | Shoals:4 | Received a gift from Okawaru
 38231 | Shoals:4 | 38231 ||| Stepping ~*~*~tactically~*~*~ (hiding).
 38237 | Shoals:4 | 38237 ||| INVOKING Heroism.
 38389 | Shoals:4 | 38389 ||| INVOKING Heroism.
 38526 | Shoals:4 | 38526 ||| INVOKING Heroism.
 38527 | Shoals:4 | 38527 ||| INVOKING Finesse.
 38780 | Shoals:4 | 38780 ||| PLANNING VAULTS:1-4
 39029 | Vaults:1 | Entered Level 1 of the Vaults
 39044 | Vaults:1 | 39044 ||| READING scroll of enchant armour.
 39044 | Vaults:1 | 39044 ||| ENCHANTING +3 plate armour.
 39065 | Vaults:1 | 39065 ||| Stepping ~*~*~tactically~*~*~ (hiding).
 39067 | Vaults:1 | 39067 ||| INVOKING Heroism.
 39069 | Vaults:1 | 39069 ||| INVOKING Finesse.
 39455 | Vaults:1 | 39455 ||| Stepping ~*~*~tactically~*~*~ (hiding).
 39614 | Vaults:1 | 39614 ||| INVOKING Heroism.
 39623 | Vaults:1 | Reached skill level 18 in Fighting
 39758 | Vaults:1 | 39758 ||| Stepping ~*~*~tactically~*~*~ (hiding).
 39767 | Vaults:1 | Identified the +2 flail of Sotele {protect, rC+ Stlth+}
 39780 | Vaults:1 | 39780 ||| Stepping ~*~*~tactically~*~*~ (hiding).
 39787 | Vaults:1 | Reached skill level 9 in Throwing
 39887 | Vaults:1 | 39887 ||| INVOKING Heroism.
 40075 | Vaults:1 | 40075 ||| INVOKING Heroism.
 40452 | Vaults:1 | 40452 ||| INVOKING Heroism.
 40453 | Vaults:1 | 40453 ||| INVOKING Finesse.
 40525 | Vaults:1 | 40525 ||| Stepping ~*~*~tactically~*~*~ (stealth).
 40527 | Vaults:1 | 40527 ||| Stepping ~*~*~tactically~*~*~ (hiding).
 40528 | Vaults:1 | 40528 ||| Stepping ~*~*~tactically~*~*~ (hiding).
 40530 | Vaults:1 | 40530 ||| INVOKING Heroism.
 40531 | Vaults:1 | 40531 ||| INVOKING Finesse.
 40559 | Vaults:1 | Received a gift from Okawaru
 40560 | Vaults:1 | 40560 ||| Stepping ~*~*~tactically~*~*~ (hiding).
 40563 | Vaults:1 | 40563 ||| Stepping ~*~*~tactically~*~*~ (hiding).
 40688 | Vaults:1 | 40688 ||| READING 8 scrolls of teleportation.
 40689 | Vaults:1 | 40689 ||| INVOKING Heroism.
 40724 | Vaults:1 | 40724 ||| Stepping ~*~*~tactically~*~*~ (hiding).
 40725 | Vaults:1 | 40725 ||| Stepping ~*~*~tactically~*~*~ (hiding).
 40737 | Vaults:1 | Reached skill level 6 in Dodging
 40737 | Vaults:1 | Reached XP level 19. HP: 127/130 MP: 8/26
 40749 | Vaults:1 | 40749 ||| READING 7 scrolls of teleportation.
 40937 | Vaults:1 | 40937 ||| Stepping ~*~*~tactically~*~*~ (stealth).
 40938 | Vaults:1 | 40938 ||| Stepping ~*~*~tactically~*~*~ (stealth).
 41223 | Vaults:1 | 41223 ||| Stepping ~*~*~tactically~*~*~ (hiding).
 41233 | Vaults:1 | 41233 ||| Stepping ~*~*~tactically~*~*~ (hiding).
 41237 | Vaults:1 | Received a gift from Okawaru
 41241 | Vaults:1 | 41241 ||| Stepping ~*~*~tactically~*~*~ (hiding).
 41251 | Vaults:1 | 41251 ||| INVOKING Heroism.
 41452 | Vaults:1 | 41452 ||| Stepping ~*~*~tactically~*~*~ (stealth).
 41454 | Vaults:1 | 41454 ||| INVOKING Heroism.
 41713 | Vaults:1 | Found Congel's Armour Shop.
 41722 | Vaults:1 | 41722 ||| BUYING +2 cloak of willpower (430 gold).
 41722 | Vaults:1 | Bought a +2 cloak of willpower for 430 gold pieces
 41789 | Vaults:1 | 41789 ||| UPGRADING to +2 cloak of willpower.
 41838 | Vaults:2 | 41838 ||| PLANNING DESOLATION
 41844 | Vaults:2 | 41844 ||| INVOKING Heroism.
 41943 | Vaults:2 | 41943 ||| Stepping ~*~*~tactically~*~*~ (stealth).
 41977 | Vaults:2 | 41977 ||| Stepping ~*~*~tactically~*~*~ (hiding).
 41996 | Vaults:2 | 41996 ||| Stepping ~*~*~tactically~*~*~ (hiding).
 42033 | Vaults:2 | 42033 ||| Stepping ~*~*~tactically~*~*~ (stealth).
 42184 | Vaults:2 | 42184 ||| Stepping ~*~*~tactically~*~*~ (stealth).
 42186 | Vaults:2 | 42186 ||| Stepping ~*~*~tactically~*~*~ (stealth).
 42187 | Vaults:2 | Found a crumbling gateway.
 42188 | Vaults:2 | 42188 ||| INVOKING Heroism.
 42209 | Vaults:2 | 42209 ||| Stepping ~*~*~tactically~*~*~ (stealth).
 42236 | Desolati | Entered the Desolation of Salt
 42259 | Desolati | 42259 ||| Stepping ~*~*~tactically~*~*~ (hiding).
 42297 | Desolati | 42297 ||| Stepping ~*~*~tactically~*~*~ (hiding).
 42298 | Desolati | 42298 ||| INVOKING Heroism.
 42299 | Desolati | 42299 ||| INVOKING Finesse.
 42406 | Desolati | Identified the +7 dagger of Understanding {chaos, Int+5}
 42451 | Desolati | Received a gift from Okawaru
 42466 | Desolati | 42466 ||| INVOKING Heroism.
 42467 | Desolati | 42467 ||| INVOKING Finesse.
 42485 | Desolati | Reached skill level 18 in Armour
 42561 | Desolati | Identified the amulet of Xojul {RegenMP Str+4 Dex+2}
 42563 | Desolati | Identified the ring "Lijicra" {Ice rN+ Will- Stlth+}
 42566 | Desolati | 42566 ||| Stepping ~*~*~tactically~*~*~ (stealth).
 42568 | Desolati | 42568 ||| Stepping ~*~*~tactically~*~*~ (hiding).
 42570 | Desolati | 42570 ||| INVOKING Heroism.
 42571 | Desolati | 42571 ||| INVOKING Finesse.
 42648 | Desolati | Identified the +1 plate armour of the Carpenter {Harm rC+}
 42650 | Desolati | Identified the +9 hand axe of True Grit {vorpal, MP+9 Int+5
                  | SInv Stlth+}
 42678 | Desolati | 42678 ||| INVOKING Heroism.
 42899 | Desolati | 42899 ||| INVOKING Heroism.
 42981 | Desolati | 42981 ||| Stepping ~*~*~tactically~*~*~ (stealth).
 42983 | Desolati | 42983 ||| Stepping ~*~*~tactically~*~*~ (stealth).
 42990 | Desolati | 42990 ||| Stepping ~*~*~tactically~*~*~ (hiding).
 42993 | Desolati | 42993 ||| INVOKING Heroism.
 43004 | Desolati | Reached skill level 19 in Fighting
 43205 | Desolati | Received a gift from Okawaru
 43221 | Desolati | 43221 ||| Stepping ~*~*~tactically~*~*~ (hiding).
 43224 | Desolati | 43224 ||| INVOKING Heroism.
 43287 | Desolati | Identified the +3 short sword of Panue {protect, Will+
                  | Str+3 Int+2}
 43375 | Desolati | 43375 ||| DROPPING +0 pair of gloves of stealth.
 43376 | Desolati | 43376 ||| DROPPING +2 pair of boots of rampaging.
 43377 | Desolati | 43377 ||| UPGRADING to amulet of Xojul {RegenMP Str+4
                  | Dex+2}.
 43387 | Desolati | 43387 ||| DROPPING amulet of the acrobat.
 43388 | Desolati | 43388 ||| DROPPING amulet of regeneration.
 43389 | Desolati | 43389 ||| DROPPING +6 ring of intelligence.
 43419 | Vaults:2 | 43419 ||| PLANNING VAULTS:1-4
 43424 | Vaults:2 | 43424 ||| Stepping ~*~*~tactically~*~*~ (hiding).
 43429 | Vaults:2 | 43429 ||| INVOKING Heroism.
 43500 | Vaults:2 | Found the macabre finger necklace {rN+}
 43520 | Vaults:2 | 43520 ||| Stepping ~*~*~tactically~*~*~ (hiding).
 43522 | Vaults:2 | 43522 ||| INVOKING Heroism.
 43531 | Vaults:2 | 43531 ||| Stepping ~*~*~tactically~*~*~ (hiding).
 43541 | Vaults:2 | 43541 ||| INVOKING Finesse.
 43545 | Vaults:2 | Received a gift from Okawaru
 43574 | Vaults:2 | 43574 ||| SWAPPING to +7 broad axe of electrocution.
 43575 | Vaults:2 | 43575 ||| DROPPING +5 broad axe "Ikesit" {antimagic, Str+4
                  | Int+5}.
 43576 | Vaults:2 | 43576 ||| READING 3 scrolls of enchant weapon.
 43576 | Vaults:2 | 43576 ||| ENCHANTING +7 broad axe of electrocution.
 43577 | Vaults:2 | 43577 ||| READING 2 scrolls of enchant weapon.
 43577 | Vaults:2 | 43577 ||| ENCHANTING +8 broad axe of electrocution.
 43578 | Vaults:2 | 43578 ||| DROPPING +1 broad axe of the Seven Defenders
                  | {freeze, rF+}.
 43579 | Vaults:2 | 43579 ||| READING scroll of brand weapon.
 43579 | Vaults:2 | 43579 ||| BRANDING +9 broad axe of electrocution.
 43696 | Vaults:2 | 43696 ||| Stepping ~*~*~tactically~*~*~ (hiding).
 43701 | Vaults:2 | 43701 ||| INVOKING Heroism.
 44003 | Vaults:2 | 44003 ||| Stepping ~*~*~tactically~*~*~ (hiding).
 44006 | Vaults:2 | 44006 ||| INVOKING Heroism.
 44007 | Vaults:2 | 44007 ||| INVOKING Finesse.
 44013 | Vaults:2 | Reached XP level 20. HP: 51/139 MP: 21/27
 44015 | Vaults:2 | HP: 11/139 [fire giant/+2 great sword of flaming (30)]
 44015 | Vaults:2 | Slain by a fire giant

Levels and vault maps discovered:
D:1:      doesnt_arrival_eight_statues, layout_loops_ring,
          corexii_leaking_fountain, minmay_misc_feat_enclosed,
          minmay_strange_pillars
D:2:      layout_basic, hellmonk_ecumenical_altar_lost_god, st_stairs_14,
          uniq_robin
D:3:      kennysheep_slugbush, layout_rooms, lemuel_blue_sif_altar,
          lemuel_tele_altar, gup_sewer_entry_spiral
D:4:      layout_basic, gammafunk_ghost_gnarly_gnolls, kennysheep_generic_room_2
D:5:      layout_basic, mainiacjoe_overflow_concentric_impassable,
          kb_lookout_dungeons_type, minmay_gold_behind_fungi, uniq_pikel
D:6:      layout_basic, minmay_temple_entry_sparse_star, uniq_sigmund
D:7:      layout_basic, evilmike_ruin_ashenzari, kennysheep_mini_moat,
          cheibrodos_worm_habitat, grunt_ministairs_7, uniq_menkaure,
          uniq_joseph
D:8:      layout_rooms, mainiacjoe_overflow_small_starburst,
          mainiacjoe_overflow_catwalk, gammafunk_ghost_hydra_chop, uniq_grum
D:9:      lemuel_ice_statue, layout_basic, serial_co_window_serial,
          co_window_paths_b, co_window_paths_a, co_window_of_opportunity_a,
          co_window_corner_a, co_window_of_opportunity_a,
          co_window_of_opportunity_c, co_window_of_opportunity_b,
          co_window_paths_c, co_window_broadway_c, uniq_gastronok
D:10:     layout_cross, mainiacjoe_overflow_surrounded_room, lair_entry_dummy,
          enter_bailey_5, minmay_shop_grid_forest, grunt_decor_resistance,
          grunt_ministairs_9
D:11:     layout_gridville, serial_shops, shop_statue, uniq_amaemon
D:12:     layout_irregular_city, erik_orc_1,
          hellmonk_okawaru_the_only_friend_you_need
D:13:     layout_rooms, david_vaults_4, gammafunk_ghost_nasty_kobolds,
          uniq_kirke
D:14:     layout_cave_pools, portal_ice_cave_entry_ice_statue_two,
          minmay_misc_feat_x
D:15:     gammafunk_enter_depths_forms, layout_basic
Lair:1:   layout_hall_layers, beast_lair_carwin_2
Lair:2:   layout_concentric_octagons, shoals_dummy_entry,
          nicolae_volcano_entry_batcave, fungi_pond_lemuel,
          serial_bayou_shore_b, grunt_megastairs_2, uniq_maggie, uniq_sonja
Lair:3:   layout_loops_ring, spider_nest_entry_rubble, uniq_nergalle
Lair:4:   layout_small_grid, small_statue_intersection, st_stairs_3,
          hangedman_tree_tricks, worms_lemuel, infiniplex_staircase_pool_2
Lair:5:   evilmike_catoblepas_cave, layout_misc_corridors,
          minmay_slime_entry_oklob_enclosed, serial_bayou_pond_b,
          cheibrodos_lair_lostbears
Shoals:1: layout_shoals, uniq_roxanne, uniq_mlioglotl
Shoals:2: layout_shoals
Shoals:3: layout_shoals, serial_shops, nicolae_stop_n_shop_2, uniq_ilsuiw
Shoals:4: shoals_end_grunt_ice, layout_shoals, gammafunk_ghost_tricky_traps,
          nicolae_shoals_nautilus_by_nature, nicolae_shoals_kraken_intersection
Spider:1: layout_cave_pods, nicolae_spider_claw_tunnel,
          hangedman_spider_tarantella_strand
Spider:2: nicolae_spider_hilbert_zone_6 [nicolae_spider_hilbert_4_sides_1_open,
          nicolae_spider_hilbert_4_sides_1_open,
          nicolae_spider_hilbert_4_sides_1_open,
          nicolae_spider_hilbert_4_sides_1_open,
          nicolae_spider_hilbert_4_sides_1_open,
          nicolae_spider_hilbert_4_sides_1_open,
          nicolae_spider_hilbert_4_sides_1_open], drop_trap,
          hellmonk_deceptive_appearances
Spider:3: layout_spider_delve, nicolae_spider_stair_cavern
Orc:1:    layout_diamond_mine, serial_shops, shop, shop, shop,
          nicolae_shop_hallway_stairs, minmay_orc_temple_b
Orc:2:    st_orc_ogre_mass, layout_caves
Vaults:1: hangedman_vaults_capsules, kb_rosetta, v_misc_10, v_alt_pattern_4,
          nicolae_vaults_little_squares_5, vaults_dpeg_cross, v_alt_pattern_5,
          vaults_dpeg_hooks, layout_vaults_omnigrid, serial_shops,
          nicolae_shop_trees
Vaults:2: portal_desolation_entry_garden, hangedman_vaults_cutoff, v_misc_12,
          minmay_crypt_entry_nasty_monster, v_misc_17,
          vaults_room_hangedman_quadrants, v_pattern_5,
          vaults_mumra_minichess_inversion, v_misc_25, vaults_room_door_hall,
          v_misc_5, layout_vaults_big_cross, serial_shops, nicolae_shop_stone

Skill      XL: |  1  2  3  4  5  6  7  8  9 10 11 12 13 14 15 16 17 18 19 |
---------------+----------------------------------------------------------+-----
Axes           | 2 3 4 5 6 8 9 11 12 14 16 17 18 | 18.0
Fighting       | 4 5 7 8 9 10 11 12 13 15 17 18 19 | 19.0
Invocations    | 4 6 9 10 | 10.0
Armour         | 5 6 7 9 10 11 12 13 15 16 18 | 18.0
Dodging        | 1 2 3 4 5 6 7 |  7.2
Throwing       | 1 2 3 4 5 6 7 10 | 10.3
Shields        | 4 5 6 7 8 9 10 11 | 11.6

Action                   |  1- 3 |  4- 6 |  7- 9 | 10-12 | 13-15 | 16-18 | 19-21 || total
-------------------------+-------+-------+-------+-------+-------+-------+-------++-------
Melee: War axe           |   116 |   213 |   129 |       |       |       |       ||   458
       Broad axe         |       |       |   115 |   369 |   778 |  1542 |   473 ||  3277
       Morningstar       |       |       |       |     2 |     8 |       |       ||    10
       Demon whip        |       |       |       |       |    22 |       |       ||    22
Throw: Boomerang         |     1 |    50 |    22 |    42 |    78 |    39 |     7 ||   239
       Javelin           |       |       |       |    42 |    88 |    89 |    39 ||   258
Invok: Heroism           |       |       |    18 |    32 |    50 |    52 |    15 ||   167
       Finesse           |       |       |       |     5 |    17 |    22 |     5 ||    49
  Use: Scroll            |     5 |    11 |     6 |     8 |     7 |    10 |     4 ||    51
       Potion            |     1 |     1 |     2 |     1 |     1 |     9 |       ||    15
 Stab: Confused          |       |       |       |       |     1 |       |       ||     1
       Distracted        |       |       |       |       |       |       |     1 ||     1
Armor: Scale mail        |    63 |    12 |       |       |       |       |       ||    75
       Plate armour      |       |   134 |   150 |   161 |   287 |   708 |   204 ||  1644
Dodge: Dodged            |    59 |    84 |   135 |   182 |   441 |   812 |   206 ||  1919
Block: Buckler           |    26 |    47 |    46 |    79 |   169 |   410 |    91 ||   868

Table legend:
 A = Non-vault XP
 B = Vault XP
 C = Vault XP percentage of total XP
 D = Non-vault monster count
 E = Vault monster count
 F = Vault count percentage of total count
                 A         B        C        D         E       F
            +---------+---------+-------+---------+---------+-------
      Total |  229938 |  170458 |  42.6 |     769 |     394 |  33.9
            +---------+---------+-------+---------+---------+-------
        D:1 |      47 |      16 |  25.4 |      27 |       8 |  22.9
        D:2 |      26 |      16 |  38.1 |      14 |       2 |  12.5
        D:3 |      58 |      48 |  45.3 |      15 |      13 |  46.4
        D:4 |      55 |       4 |   6.8 |      10 |       2 |  16.7
        D:5 |    1023 |     651 |  38.9 |      22 |       1 |   4.3
        D:6 |    1303 |     243 |  15.7 |      22 |       1 |   4.3
        D:7 |     650 |     634 |  49.4 |      24 |       8 |  25.0
        D:8 |     982 |     398 |  28.8 |      16 |       3 |  15.8
        D:9 |    2469 |    1429 |  36.7 |      11 |       1 |   8.3
       D:10 |    3060 |    1254 |  29.1 |      17 |      10 |  37.0
       D:11 |    2524 |    1178 |  31.8 |       9 |       2 |  18.2
       D:12 |    6815 |     583 |   7.9 |      24 |      17 |  41.5
       D:13 |    2057 |    3758 |  64.6 |       5 |       8 |  61.5
       D:14 |    8907 |     904 |   9.2 |      28 |       2 |   6.7
       D:15 |   13918 |    5226 |  27.3 |      37 |       9 |  19.6
     Lair:1 |    4321 |    1502 |  25.8 |      15 |       4 |  21.1
     Lair:2 |    6201 |    2189 |  26.1 |      20 |       6 |  23.1
     Lair:3 |    5445 |    1038 |  16.0 |      20 |       2 |   9.1
     Lair:4 |    6070 |    1973 |  24.5 |      23 |       7 |  23.3
     Lair:5 |   16756 |   12689 |  43.1 |      48 |      33 |  40.7
   Shoals:1 |   19250 |    3143 |  14.0 |      41 |       2 |   4.7
   Shoals:2 |   12350 |       0 |   0.0 |      25 |       0 |   0.0
   Shoals:3 |   19019 |    4077 |  17.7 |      37 |       6 |  14.0
   Shoals:4 |   13099 |   22057 |  62.7 |      23 |      36 |  61.0
   Spider:1 |   20501 |    5495 |  21.1 |      58 |       8 |  12.1
   Spider:2 |    6693 |    5304 |  44.2 |      23 |       7 |  23.3
   Spider:3 |   19604 |       0 |   0.0 |      56 |       0 |   0.0
      Orc:1 |     673 |     359 |  34.8 |      21 |      13 |  38.2
      Orc:2 |    2150 |   17529 |  89.1 |      23 |      40 |  63.5
   Vaults:1 |   17955 |   20601 |  53.4 |      27 |      32 |  54.2
   Vaults:2 |   15957 |   13178 |  45.2 |      28 |      21 |  42.9
 Desolation |       0 |   42982 | 100.0 |       0 |      90 | 100.0
            +---------+---------+-------+---------+---------+-------
